 Dungeon Crawl Stone Soup version 0.29-a0-841-g116ddc6ace (webtiles) character file.

Game seed: 1130424093118640880

702287 zeratav the Malleable (level 27, 0/198 HPs)
             Began as an Octopode Venom Mage on July 14, 2022.
             Was an Initiate of Gozag.
             Slain by a death scarab (11 damage)
             ... summoned by a royal mummy
             ... on level 1 of the Tomb of the Ancients on July 15, 2022.
             The game lasted 05:17:01 (103375 turns).

zeratav the Malleable (Octopode Venom Mage)       Turns: 103375, Time: 05:17:02

Health: 0/198      AC: 24    Str: 24 (26) XL:     27
Magic:  10/42      EV: 35    Int: 26 (28) God:    Gozag
Gold:   17701      SH:  0    Dex: 21      Spells: 19/56 levels left

rFire   + + .      SeeInvis +     - Unarmed
rCold   + + .      Faith    .   (shield currently unavailable)
rNeg    + + +      Spirit   .   (helmet currently unavailable)
rPois   ∞          Reflect  .   i - amulet of the Four Winds {rN+ Will+++ Clar}
rElec   +          Harm     .   V - +4 ring of slaying
rCorr   +          Rampage  .   R - +9 ring of strength
Will    +++++      Clarity  +   J - ring of Piax {rC+ Str+2 Slay+4 SInv}
Stlth   ++++++....              h - ring of Zeukluil {rElec rC+ rN+ Str+3 Dex-2}
HPRegen 0.43/turn               l - ring of Zaurhoma {rElec rF+++ rN+ Int-4 Stlth+}
MPRegen 0.28/turn               G - ring "Cyaxkez" {rF- Str+4 Dex+6 Slay+6}
                                I - ring of Puohaklu {rCorr Int+2 Dex+4}
                                O - +6 ring of protection

@: sluggish, storm-form, flying, slowed, studying 3 skills, very slow
A: cleaving, insubstantial, flying, almost no armour, amphibious, 8 rings,
(camouflage 1), (gelatinous body 1), (nimble swimmer 1), (tentacles), (antennae
1), deterioration 1, (shaggy fur 1), subdued magic 1, MP-powered wands
}: 5/15 runes: barnacled, slimy, silver, abyssal, gossamer
a: Blinkbolt, End Transformation, Renounce Religion, Potion Petition, Call
Merchant, Bribe Branch


You were on level 1 of the Tomb of the Ancients.
You worshipped Gozag.
Gozag was extremely pleased with you.
You were a lightning-filled tempest!
You visited 13 branches of the dungeon, and saw 58 of its levels.
You visited the Abyss 1 time.
You also visited: Sewer and Ice Cave.

You collected 35289 gold pieces.
You spent 7309 gold pieces at shops.
You paid 10279 gold pieces to Gozag.


Innate Abilities, Weirdness & Mutations

You are a lightning-filled tempest!
Your electrical attacks strike out in all directions at once.
You are incredibly evasive.
Your insubstantial body is immune to petrification, constriction, and being set on fire You are flying.
You are immune to poison.
Your armour is entirely melded.
You are incapable of wielding weapons or throwing items.
You cannot wear most types of armour.
You are amphibious.
You can wear up to eight rings at the same time.
((Your skin changes colour to match your surroundings (Stealth+).))
((Your rubbery body absorbs attacks. (AC +1, EV +1)))
((You are camouflaged when in or above water. (Stealth+)))
((You have tentacles for arms and can constrict up to eight enemies at once.))
((You have a pair of small antennae on your head.))
Your body sometimes deteriorates upon taking damage.
((You are covered in fur. (AC +1)))
Your spells are a little easier to cast, but a little less powerful.
You expend magic power (3 MP) to strengthen your wands.


   Skills:
 + Level 18.9 Fighting
 + Level 19.0 Dodging
 - Level 10.0 Stealth
 + Level 16.1 Unarmed Combat
 - Level 15.0 Spellcasting
 - Level 10.0 Conjurations
 + Level 6.4 Necromancy
 - Level 25.0 Transmutations
 - Level 4.0 Fire Magic
 - Level 25.0 Air Magic
 - Level 10.0 Earth Magic
 - Level 12.0 Poison Magic


You had 19 spell levels left.
You knew the following spells:

 Your Spells              Type           Power      Damage    Failure   Level
a - Airstrike             Air            43%        0-14+     0%          4
b - Poisonous Vapours     Pois/Air       100%       N/A       0%          2
c - Olgreb's Toxic Radia  Pois           58%        N/A       1%          4
d - Ignite Poison         Fire/Tmut/Pois 62%        N/A       0%          3
e - Storm Form            Tmut/Air       43%        N/A       1%          7
f - Yara's Violent Unrav  Hex/Tmut       30%        3d13      1%          5
g - Eringya's Noxious Bo  Tmut/Pois      36%        N/A       1%          6
h - Passwall              Tmut/Erth      59%        N/A       0%          2
i - Apportation           Tloc           30%        N/A       1%          1
q - Swiftness             Air            86%        N/A       0%          3

Your spell library contained the following spells:

 Spells                   Type           Power      Damage    Failure   Level
 Beastly Appendage        Tmut           100%       N/A       0%          1
 Shock                    Conj/Air       100%       1d9       0%          1
 Sting                    Tmut/Pois      100%       1d8       0%          1
 Static Discharge         Conj/Air       71%        3-12/arc  0%          2
 Wereblood                Tmut           86%        N/A       0%          2
 Mephitic Cloud           Conj/Pois/Air  67%        N/A       0%          3
 Spider Form              Tmut/Pois      73%        N/A       0%          3
 Petrify                  Tmut/Erth      71%        N/A       0%          4
 Blade Hands              Tmut           43%        N/A       0%          5
 Freeze                   Ice            60%        1d8       1%          1
 Necrotise                Necr           100%       1d9       1%          1
 Slow                     Hex            60%        N/A       1%          1
 Summon Small Mammal      Summ           60%        N/A       1%          1
 Scorch                   Fire           62%        2d8       1%          2
 Sublimation of Blood     Necr           40%        N/A       1%          2
 Conjure Flame            Conj/Fire      43%        6-21      1%          3
 Dazzling Flash           Conj/Hex       70%        N/A       1%          3
 Stone Arrow              Conj/Erth      100%       3d13      1%          3
 Vampiric Draining        Necr           40%        2d8       1%          3
 Flame Wave               Conj/Fire      43%        2d9       1%          4
 Ice Form                 Ice/Tmut       60%        N/A       1%          4
 Sticky Flame             Conj/Fire      43%        2d6       1%          4
 Borgnjor's Vile Clutch   Necr/Erth      23%        N/A       1%          5
 Freezing Cloud           Conj/Ice/Air   28%        6-21      1%          5
 Irradiate                Conj/Tmut      35%        3d23      1%          5
 Iskenderun's Battlesphe  Conj           53%        2d10      1%          5
 Lightning Bolt           Conj/Air       35%        1d53      1%          5
 Silence                  Hex/Air        30%        N/A       1%          5
 Conjure Ball Lightning   Conj/Air       35%        3x3d11    1%          6
 Statue Form              Tmut/Erth      47%        N/A       1%          6
 Dragon Form              Tmut           43%        N/A       1%          7
 Maxwell's Capacitive Co  Air            43%        ∞         1%          8
 Hailstorm                Conj/Ice       35%        3d9       2%          4
 Iskenderun's Mystic Bla  Conj/Tloc      35%        2d8       2%          4
 Leda's Liquefaction      Hex/Erth       17%        N/A       2%          4
 Ensorcelled Hibernation  Hex/Ice        30%        N/A       3%          2
 Fireball                 Conj/Fire      21%        3d10      3%          5
 Agony                    Necr           40%        N/A       4%          5
 Iron Shot                Conj/Erth      26%        9d6       5%          6
 Anguish                  Hex/Necr       13%        N/A       6%          4
 Call Canine Familiar     Summ           15%        N/A       7%          3
 Confusing Touch          Hex            15%        N/A       7%          3
 Frozen Ramparts          Ice            30%        1d5       7%          3
 Gell's Gravitas          Tloc           15%        N/A       7%          3
 Lesser Beckoning         Tloc           15%        N/A       7%          3
 Portal Projectile        Hex/Tloc       30%        N/A       7%          3
 Teleport Other           Tloc           15%        N/A       7%          3
 Tukima's Dance           Hex            15%        N/A       7%          3
 Starburst                Conj/Fire      21%        6d7       21%         6
 Cause Fear               Hex            7%         N/A       22%         4
 Passage of Golubria      Tloc           15%        N/A       22%         4
 Summon Ice Beast         Ice/Summ       15%        N/A       22%         4
 Necromutation            Tmut/Necr      33%        N/A       24%         8
 Death Channel            Necr           20%        N/A       26%         6
 Orb of Destruction       Conj           26%        9d9       32%         7
 Metabolic Englaciation   Hex/Ice        7%         N/A       54%         5
 Summon Forest            Summ/Tloc      7%         N/A       54%         5
 Spellforged Servitor     Conj/Summ      17%        N/A       95%         7
 Lehudib's Crystal Spear  Conj/Erth      26%        10d7      95%         8
 Dispersal                Tloc           7%         N/A       98%         6
 Summon Cactus Giant      Summ           7%         N/A       98%         6
 Enfeeble                 Hex            7%         N/A       100%        7
 Ozocubu's Refrigeration  Ice            7%         4d6       100%        7
 Summon Hydra             Summ           7%         N/A       100%        7
 Borgnjor's Revivificati  Necr           20%        N/A       100%        8
 Disjunction              Tloc           7%         N/A       100%        8
 Ignition                 Fire           15%        3d6       100%        8
 Infestation              Necr           20%        N/A       100%        8
 Death's Door             Necr           20%        N/A       100%        9
 Dragon's Call            Summ           7%         N/A       100%        9
 Polar Vortex             Ice            7%         N/A       100%        9
 Shatter                  Erth           26%        3d22*     100%        9
 Animate Dead             Necr           Unusable   N/A       N/A         4
 Corpse Rot               Necr/Pois/Air  Unusable   N/A       N/A         4
 Animate Armour           Summ/Erth      Unusable   N/A       N/A         4
 Simulacrum               Ice/Necr       Unusable   N/A       N/A         6

Inventory:

Hand Weapons
 F - a +1 vorpal triple sword {longrare=g}
   (You found it on level 4 of the Depths)
Armour
 r - the -2 hat of the Alchemist (melded) {rElec rPois rF+ rC+ rN+ Will+ rMut rCorr}
   (You found it on level 3 of the Elven Halls)

   rF:        It protects you from fire.
   rC:        It protects you from cold.
   rElec:     It insulates you from electricity.
   rPois:     It protects you from poison.
   rN:        It protects you from negative energy.
   rCorr:     It protects you from acid and corrosion.
   rMut:      It protects you from mutation.
   Will:      It increases your willpower.
Jewellery
 a - a ring of positive energy
   (You found it on level 3 of the Crypt)
 h - the ring of Zeukluil (on tentacle) {rElec rC+ rN+ Str+3 Dex-2}
   (You found it on level 3 of the Crypt)

   [ring of positive energy]

   Str:       It affects your strength (+3).
   Dex:       It affects your dexterity (-2).
   rC:        It protects you from cold.
   rElec:     It insulates you from electricity.
   rN:        It protects you from negative energy.
 i - the amulet of the Four Winds (around neck) {rN+ Will+++ Clar}
   (You bought it in a shop on level 4 of the Shoals)

   [amulet of nothing]

   rN:        It protects you from negative energy.
   Clar:      It protects you against confusion.
   Will:      It greatly increases your willpower.
 l - the ring of Zaurhoma (on tentacle) {rElec rF+++ rN+ Int-4 Stlth+}
   (You acquired it on level 1 of the Spider Nest)

   [ring of positive energy]

   Int:       It affects your intelligence (-4).
   rF:        It renders you almost immune to fire.
   rElec:     It insulates you from electricity.
   rN:        It protects you from negative energy.
   Stlth:     It makes you more stealthy.
 m - a ring of positive energy
   (You took it off a vault sentinel on level 5 of the Vaults)
 q - the amulet "Luhuczy" {RegenMP Str+5}
   (You found it on level 12 of the Dungeon)

   [amulet of magic regeneration]

   It increases your rate of magic regeneration.
   Str:       It affects your strength (+5).
 s - the ring of Bodily Harmony {rPois rN+ Str+5}
   (You found it on level 3 of the Crypt)

   [ring of positive energy]

   Str:       It affects your strength (+5).
   rPois:     It protects you from poison.
   rN:        It protects you from negative energy.
 A - a ring of protection from cold
   (You found it on level 5 of the Pits of Slime)
 G - the ring "Cyaxkez" (on tentacle) {rF- Str+4 Dex+6 Slay+6}
   (You bought it in a shop on level 13 of the Dungeon)

   [ring of dexterity]

   Str:       It affects your strength (+4).
   Dex:       It affects your dexterity (+6).
   Slay:      It affects your accuracy & damage with ranged weapons and melee
   (+6).
   rF:        It makes you vulnerable to fire.
 I - the ring of Puohaklu (on tentacle) {rCorr Int+2 Dex+4}
   (You took it off an ironbound preserver on level 5 of the Vaults)

   [ring of resist corrosion]

   Int:       It affects your intelligence (+2).
   Dex:       It affects your dexterity (+4).
   rCorr:     It protects you from acid and corrosion.
 J - the ring of Piax (on tentacle) {rC+ Str+2 Slay+4 SInv}
   (You took it off Khufu on level 2 of the Crypt)

   [ring of slaying]

   Str:       It affects your strength (+2).
   Slay:      It affects your accuracy & damage with ranged weapons and melee
   (+4).
   rC:        It protects you from cold.
   SInv:      It lets you see invisible.
 K - a ring of poison resistance
   (You took it off an orc warrior on level 5 of the Vaults)
 O - a +6 ring of protection (on tentacle)
   (You bought it in a shop on level 13 of the Dungeon)
 Q - the ring "Xost" {rC+ rN+}
   (You found it on level 5 of the Vaults)

   [ring of protection from cold]

   rC:        It protects you from cold.
   rN:        It protects you from negative energy.
 R - a +9 ring of strength (right fist)
   (You bought it in a shop on level 13 of the Dungeon)
 S - the ring "Rusm" {Wiz *Corrode Will+++ Int+4 Dex-2}
   (You found it on level 13 of the Dungeon)

   [ring of wizardry]

   It improves your spell success rate.
   Int:       It affects your intelligence (+4).
   Dex:       It affects your dexterity (-2).
   *Corrode:  It may corrode you when you take damage.
   Will:      It greatly increases your willpower.
 T - the ring of Qacruceh {rF+ rN+}
   (You took it off a yaktaur captain on level 5 of the Vaults)

   [ring of positive energy]

   rF:        It protects you from fire.
   rN:        It protects you from negative energy.
 V - a +4 ring of slaying (left fist)
   (You found it on level 4 of the Lair of Beasts)
Wands
 N - a wand of digging (20)
   (You found it on level 2 of the Lair of Beasts)
Scrolls
 b - 9 scrolls of fog
 g - 4 scrolls of immolation {!r!r}
 j - 13 scrolls of teleportation {@r4}
 t - 8 scrolls of summoning
 v - 5 scrolls of blinking {!r}
 B - 12 scrolls of poison {!r}
 H - 6 scrolls of magic mapping {!r}
 L - 5 scrolls of silence {!r}
 W - 6 scrolls of amnesia
 X - 11 scrolls of vulnerability {!r!r}
Potions
 d - 27 potions of curing {@q1}
 e - 13 potions of might
 f - 11 potions of berserk rage {!q}
 k - 12 potions of heal wounds {@q2}
 n - 18 potions of haste {@q3}
 o - 11 potions of ambrosia
 p - 8 potions of resistance
 u - 4 potions of cancellation
 x - 9 potions of lignification {!q}
 z - 2 potions of invisibility
 C - 16 potions of brilliance
 D - 5 potions of magic
 M - 6 potions of mutation {!q}
 P - 7 potions of attraction {!q}
Miscellaneous
 c - a phial of floods
   (You found it on level 2 of the Spider Nest)
 E - a phantom mirror
   (You found it on level 4 of the Vaults)

Dungeon Overview and Level Annotations

Branches:
Dungeon (15/15) Zot: 24923  Temple (1/1) D:7 Zot: 5860    Lair (6/6) D:10 Zot: 22848
 Shoals (4/4) Lair:3 Zot: 16919  Spider (4/4) Lair:3 Zot: 15699   Slime (5/5) Lair:5 Zot: 24133
    Orc (2/2) D:11 Zot: 10433     Elf (3/3) Orc:2 Zot: 9226  Vaults (5/5) D:14 Zot: 19399
  Crypt (3/3) Vaults:2 Zot: 13589    Tomb (1/3) Crypt:3 Zot: 5231  Depths (4/4) D:15 Zot: 17269
    Zot (5/5) Depths:4 Zot: 19422   Sewer (visited)           IceCv (visited)

Altars:
Ashenzari
Cheibriados
Dithmenos
Elyvilon
Fedhas
Gozag
Hepliaklqana
Makhleb
Okawaru
Qazlal
Ru
Sif Muna
Trog
Uskayaw
Vehumet
Wu Jian
Xom
Yredelemnul
Zin
The Shining One
Lugonu

Shops:
D:2 (   D:4 =   D:12 (   D:13 *?*[=   Orc:1 *   Orc:2 :*=(=   Elf:2 [
Shoals:4 *[   Vaults:3 *   Vaults:4 (   Vaults:5 ?=   Depths:1 [   Depths:2 ?

Portals:
Hell: Depths:1 Depths:2 Depths:3 Depths:4
Abyss: Lair:6 Shoals:2
Pandemonium: Depths:2
Ziggurat: Depths:3

Annotations:
D:3 exclusion: downstairs, Sigmund
D:6 exclusions: downstairs and jelly
D:11 4 transporters
Shoals:2 1 runed translucent door, exclusion: downstairs
Vaults:1 3 runed translucent doors, garrulousMonolith's ghost, veteran GnFi
Vaults:2 2 transporters, exclusion: orange crystal statue
Vaults:3 2 transporters
Vaults:4 2 transporters, Ugguttuj's ghost, veteran DrWn
Depths:1 exclusion: downstairs
Zot:4 1 transporter

#..........#
#..........#
#..........#
#..........#
#..........#
#..........#
#........BB#
#........BM#
#........Bv#
#..........#
#..........#
#..........#
#..........#
#..........#
#..........#
#..........#
#..........#


You could see a royal mummy and 4 death scarabs.


Message History

The death scarab completely misses you. x2
The death scarab bites you but does no damage.
The royal mummy gestures wildly while chanting.
The death scarab attacks as you move away!
The death scarab completely misses you. The death scarab misses you.
The death scarab completely misses you.
HP[+1]
The death scarab attacks as you move away!
The death scarab bites you.
* * * LOW HITPOINT WARNING * * *
The death scarab drains your vigour!
You feel yourself slow down. The death scarab bites you.
* * * LOW HITPOINT WARNING * * *
The death scarab drains your vigour!
You feel as though you will be slow longer.
The death scarab waves its antennae.
The death scarab completely misses you.
HP[-9]
You take 9 damage, and now have 36/198 hp.
The death scarab attacks as you move away!
The death scarab completely misses you. The death scarab barely misses you.
The death scarab bites you!
* * * LOW HITPOINT WARNING * * *
The death scarab drains your vigour!
You feel as though you will be slow longer.
HP[-7] MP[+1]
You take 7 damage, and now have 29/198 hp.
Blink to where?
Press: ? - help, Q - select action, (/) - cycle Dir - move target
As you read the scroll of blinking {!r}, it crumbles to dust.
The death scarab bites you but does no damage.
HP[+1]
The death scarab misses you. The death scarab completely misses you.
MP[+1]
You blast the death scarab!!!
You destroy the death scarab!
The death scarab's corpse disappears in a puff of smoke!
HP[+1]
The death scarab disappears in a puff of smoke!
HP[+1] MP[+1] HP[+1] HP[+1] MP[+1] HP[+1] MP[+1] HP[+1]
You start to feel a little slower.
HP[+1] MP[+1]
Casting: Swiftness (safe; 0% risk of failure)
Confirm with . or Enter, or press ? or * to list all spells.
Aiming: Yara's Violent Unravelling (mildly dangerous; 1% risk of failure)
Press: ? - help, Dir - move target, f - emperor scorpion
Aim: an emperor scorpion (moderately wounded, summoned)
The magic binding the emperor scorpion to this plane unravels!
The emperor scorpion disappears in a puff of smoke!
The enchantments explode!
MP[-5]
You lost 5 mp, and now have 16/42 mp.
HP[+1] MP[+1]
Casting: Yara's Violent Unravelling (mildly dangerous; 1% risk of failure)
Confirm with . or Enter, or press ? or * to list all spells.
Aiming: Yara's Violent Unravelling (mildly dangerous; 1% risk of failure)
Press: ? - help, Dir - move target, f - centaur warrior zombie
Aim: a centaur warrior zombie (lightly damaged, summoned)
The magic binding the centaur warrior zombie to this plane unravels!
The centaur warrior zombie disappears in a puff of smoke!
The enchantments explode!
You feel sluggish.
MP[-5]
You lost 5 mp, and now have 12/42 mp.
HP[+1] MP[+1] HP[+1]
Casting: Yara's Violent Unravelling (mildly dangerous; 1% risk of failure)
Confirm with . or Enter, or press ? or * to list all spells.
Aiming: Yara's Violent Unravelling (mildly dangerous; 1% risk of failure)
Press: ? - help, Dir - move target, f - wight
Aim: a wight, wielding a +3 halberd and wearing a +0 robe (summoned)
The magic binding the wight to this plane unravels!
The wight disappears in a puff of smoke!
The enchantments explode!
The unravelling engulfs the royal mummy!
HP[+1] MP[-4]
You lost 4 mp, and now have 9/42 mp.
The royal mummy gestures wildly while chanting.
The royal mummy calls on the powers of darkness!
Your body is wracked with pain!
* * * LOW HITPOINT WARNING * * *
HP[-12]
You take 12 damage, and now have 29/198 hp.
The death scarab completely misses you. x2; The death scarab barely misses you.
The death scarab closely misses you. The death scarab barely misses you.
The royal mummy completely misses you. The royal mummy hits you!!
* * * LOW HITPOINT WARNING * * *
HP[-17] MP[+1]
You take 17 damage, and now have 12/198 hp.
You blast the royal mummy!!!
You closely miss the death scarab. The death scarab bites you.
* * * LOW HITPOINT WARNING * * *
The death scarab bites you!
You die...
Your body crumbles into a pile of gold.

Skill      XL: |  1  2  3  4  5  6  7  8  9 10 11 12 13 14 15 16 17 18 19 20 21 22 23 24 25 26 27 |
---------------+----------------------------------------------------------------------------------+-----
Stealth        | 3 4 5 10 | 10.0
Poison Magic   | 4 6 7 8 9 10 12 | 12.0
Fighting       | 3 5 6 8 10 11 14 15 18 | 18.9
Dodging        | 3 5 6 8 10 11 14 15 19 | 19.0
Fire Magic     | 2 4 |  4.0
Transmutations | 3 5 10 12 15 16 18 20 22 24 25 | 25.0
Air Magic      | 5 8 10 12 13 15 16 18 20 22 24 25 | 25.0
Spellcasting   | 3 5 8 10 11 15 | 15.0
Conjurations   | 1 6 9 10 | 10.0
Earth Magic    | 1 6 9 10 | 10.0
Unarmed Combat | 2 3 6 11 16 | 16.1
Necromancy     | 6 |  6.4

Action                   |  1- 3 |  4- 6 |  7- 9 | 10-12 | 13-15 | 16-18 | 19-21 | 22-24 | 25-27 || total
-------------------------+-------+-------+-------+-------+-------+-------+-------+-------+-------++-------
Melee: Short sword       |    29 |       |       |       |       |       |       |       |       ||    29
       Unarmed           |     4 |       |       |       |       |    72 |   479 |   890 |  1462 ||  2907
       Tentacles         |     9 |     7 |    29 |    53 |    25 |     3 |     2 |     1 |     3 ||   132
       Constrict         |    11 |    12 |    19 |    24 |    24 |     2 |     1 |       |     1 ||    94
       Dagger            |    11 |    63 |   138 |   161 |    94 |     5 |     2 |       |       ||   474
       Punch             |     1 |       |     2 |     1 |     2 |     4 |    46 |    84 |   199 ||   339
 Fire: Sling             |       |       |       |       |       |       |     8 |       |       ||     8
 Cast: Sting             |     3 |     2 |     9 |    22 |       |       |       |       |       ||    36
       Poisonous Vapours |       |    23 |     9 |    26 |   150 |   251 |   158 |    48 |    74 ||   739
       Olgreb's Toxic Ra |       |       |    42 |    84 |   110 |    96 |    68 |    68 |    45 ||   513
       Ignite Poison     |       |       |    13 |    72 |   144 |   188 |   179 |    77 |    86 ||   759
       Airstrike         |       |       |       |    22 |   204 |    43 |     5 |       |     1 ||   275
       Storm Form        |       |       |       |       |       |    10 |   131 |   118 |   194 ||   453
       Eringya's Noxious |       |       |       |       |       |       |    49 |    10 |     1 ||    60
       Swiftness         |       |       |       |       |       |       |     3 |       |     2 ||     5
       Passwall          |       |       |       |       |       |       |       |     2 |       ||     2
       Yara's Violent Un |       |       |       |       |       |       |       |    10 |    17 ||    27
Invok: Call Merchant     |       |       |       |       |       |     2 |       |       |       ||     2
       Bribe Branch      |       |       |       |       |       |       |       |     1 |     2 ||     3
 Abil: Blinkbolt         |       |       |       |       |       |       |    13 |     7 |    14 ||    34
       End Transformatio |       |       |       |       |       |       |     2 |     1 |       ||     3
Evoke: Wand              |       |       |     1 |     1 |     1 |       |       |       |     1 ||     4
  Use: Scroll            |       |       |     3 |    17 |    13 |     6 |     2 |     3 |    11 ||    55
       Potion            |       |       |       |     3 |       |     3 |     3 |     2 |     8 ||    19
 Stab: Sleeping          |     5 |    11 |    11 |     3 |     2 |       |     2 |     5 |     6 ||    45
       Distracted        |       |     1 |       |     1 |     2 |       |     3 |    20 |    16 ||    43
       Petrified         |       |       |       |       |     1 |       |       |       |       ||     1
Armor: Skin              |     8 |     2 |     3 |    10 |    28 |    49 |   165 |   229 |   362 ||   856
Dodge: Dodged            |    38 |    29 |    77 |   146 |   243 |   346 |   702 |   895 |  1693 ||  4169

Levels and vault maps discovered:
D:1:      saegor_arrival_miasma, layout_loops_cross, minmay_tiny_reverse_x
D:2:      layout_basic, basic_ecumenical_altar, serial_shops,
          nicolae_shop_advertising_works [nicolae_subvault_shop_adworks]
D:3:      layout_loops_ring, grunt_qazlal_sundering, kennysheep_generic_room_7,
          uniq_sigmund
D:4:      layout_basic, serial_shops, nicolae_stop_n_shop_1, saegor_snake_ambush
D:5:      layout_rooms, tso_metal_star, uniq_crazy_yiuf_cottage
D:6:      layout_basic, nzn_wu_jian_contemplation, nemelex_dance_club_becter,
          zin_angel, gup_sewer_entry_bowl, minivault_19,
          chequers_serial_rivers_micro_b, minmay_ogre_servants,
          uniq_blork_the_orc
D:7:      layout_basic, trog_book, temple_doors_cd, serial_curves,
          eino_curves_04, eino_curves_04, eino_curves_03, eino_curves_03
D:8:      nzn_winding_woodlands_medium [nzn_winding_woodlands_5x5_checkerboard,
          nzn_winding_woodlands_5x15_crooked, nzn_winding_woodlands_5x5_cross,
          nzn_winding_woodlands_5x5_open_star,
          nzn_winding_woodlands_center_pierced_h,
          nzn_winding_woodlands_5x5_three, nzn_winding_woodlands_5x5_default,
          nzn_winding_woodlands_5x15_jagged,
          nzn_winding_woodlands_5x5_perimeter], layout_basic,
          dreamdust_gnoll_shepherd, uniq_gastronok, uniq_grum,
          uniq_prince_ribbit1
D:9:      layout_basic
D:10:     layout_gridville, elyvilon_altar_1, cheibrodos_worm_habitat,
          erik_lair_orcish_takeover, serial_glass, glass_columns_b,
          glass_columns_a
D:11:     layout_roguey, erik_orc_4, nicolae_diode_quadrants
D:12:     gammafunk_indiana_jones, layout_irregular_city, serial_shops, shop,
          uniq_lodul
D:13:     layout_cave_pods, nicolae_shop_unique_rings, minmay_shop_grid_forest
D:14:     minmay_box_of_statues, layout_small_grid, david_vaults_2,
          hangedman_ru_absence, minmay_protected_statue, uniq_frances
D:15:     hangedman_depths_entry_try_elsewhere_first, layout_layer_cave,
          minmay_crystal_room
Temple:   eino_temple_water
Lair:1:   layout_misc_corridors
Lair:2:   layout_roguey
Lair:3:   layout_concentric_octagons, elwin_shoals_entry_rooms,
          nicolae_spider_entry_non_spiders, lemuel_fruit_tree, uniq_snorg
Lair:4:   layout_hall_layers, portal_ice_cave_entry_ice_simulacra, minivault_26,
          grunt_forest_large_clearings, uniq_rupert, uniq_urug
Lair:5:   layout_regular_city, nicolae_slime_entry_slimehenge,
          gammafunk_ghost_necromancy, chequers_serial_rivers_micro_a
Lair:6:   hellmonk_lair_end_abyssal_woods, layout_gridlike, minivault_24
Shoals:1: layout_shoals
Shoals:2: layout_shoals, nicolae_shoals_abyss_on_the_beach
Shoals:3: argonaut_golden_fleece, layout_shoals,
          nicolae_shoals_lost_giant_temple, uniq_polyphemus
Shoals:4: shoals_end_grunt_ice, layout_shoals, serial_shops, nicolae_shop_trees
Spider:1: layout_cave_pods, nicolae_spider_paper_wasps,
          hangedman_spider_tarantella_strand, uniq_agnes
Spider:2: layout_spider_delve
Spider:3: layout_spider_delve, nicolae_arachne_temple, uniq_azrael
Spider:4: spider_rune_water, nicolae_orb_stairs
Slime:1:  layout_caves
Slime:2:  layout_caves
Slime:3:  layout_caves
Slime:4:  layout_caves, cheibrodos_slime_lost_civilization_4
Slime:5
Orc:1:    layout_diamond_mine, basic_altar, minmay_shop_mass
Orc:2:    st_orc_open, layout_diamond_mine, uniq_sonja
Elf:1:    minmay_the_grid_3x2 [minmay_the_grid_dragon_a, minmay_the_grid_x,
          minmay_the_grid_spin_star, minmay_the_grid_holed_spiral,
          minmay_the_grid_armoury, minmay_the_grid_prize_big_room],
          layout_gridlike, gammafunk_ghost_grave, serial_corexii_hall,
          corexii_hall_statues_t, chequers_hall_statues_wall_a,
          corexii_hall_statues_i, basic_altar, kennysheep_underground_church,
          hangedman_elf_represent
Elf:2:    elven_hall_of_blades_hangedman_alternative [nicolae_blade_bullseye],
          layout_geoelf_octagon, serial_shops, shop, solitary_fountain,
          minivault_16, uniq_jorgrun
Elf:3:    minmay_elf_hall_four_x, layout_onion_city
Vaults:1: gammafunk_ghost_split, vaults_dpeg_spiral, v_rooms_4,
          ontoclasm_vaults_chip, vaults_dpeg_ring, hangedman_vaults_stagger,
          v_misc_11, v_misc_12, grunt_vaults_hallway_short, vaults_room_pool,
          serial_ice_h, v_alt_pattern_4, v_misc_13, v_misc_9,
          layout_vaults_big_cross, uniq_saint_roka
Vaults:2: ontoclasm_vaults_tryst, ontoclasm_vaults_chip, gammafunk_sealed_arena,
          nicolae_vaults_inception_scallops, nicolae_vaults_network_square,
          hangedman_vaults_restitches, ontoclasm_vaults_idyll,
          hangedman_vaults_slither, v_pattern_5, vaults_room_door_ring,
          nicolae_vaults_puzzle_piece, layout_vaults_maze_bifur, serial_glass
Vaults:3: gammafunk_ghost_mausoleum, v_rooms_2, vaults_room_octagon,
          grunt_vaults_swirl, hangedman_vaults_unwind, grunt_vaults_twisty,
          vaults_dpeg_hooks, ontoclasm_vaults_claustrophobia, vaults_dpeg_doors,
          v_rooms_4, hangedman_vaults_locks, vaults_room_grid, vaults_room_grid,
          layout_vaults_omnibox, serial_shops,
          nicolae_shop_temple_entry_statues_fountains
Vaults:4: gammafunk_ghost_wrathful_warriors, hangedman_vaults_restitches,
          v_misc_22, nicolae_vaults_network_star, v_misc_30,
          hangedman_vaults_trim, nicolae_vaults_sealed_display,
          nicolae_vaults_little_ls, nicolae_vaults_specimen_jars,
          layout_vaults_big_room, serial_shops, shop
Vaults:5: uniq_boris
Crypt:1:  layout_misc_corridors, basic_altar, minmay_misc_feat_hallway,
          grunt_crypt_arrival_split, uniq_aizul
Crypt:2:  layout_chaotic_city, glass_columns_a, uniq_khufu, uniq_josephina,
          uniq_margery, uniq_xtahua
Crypt:3:  grunt_crypt_end_deaths_head
Tomb:1
Depths:1: layout_cave_pools, special_room [special_room_morgue],
          grunt_metal_band, serial_shops, nicolae_inconvenience_store,
          hangedman_decor_riveting, hellmonk_bongcloud_opening,
          minmay_fractal_squares_diagonal_5, uniq_bai_suzhen
Depths:2: hangedman_arch_fort, layout_basic, pf_hell_entry_tar_river,
          serial_shops, nicolae_shop_behind_doors, rand_demon_pan_entry_5,
          uniq_nikola
Depths:3: kennysheep_six_static_rooms, layout_twisted_cross, enter_ziggurat_d,
          minmay_fountain_box, abyss_entry, hell_entry, uniq_mennas,
          uniq_parghit, uniq_vv, uniq_enchantress
Depths:4: grunt_twist_and_shout, layout_honeycomb, okawaru_gym_becter,
          hell_entry
Zot:1:    grunt_zot_stairs_mandelzot, layout_misc_corridors
Zot:2:    grunt_zot_stairs_overgrown, layout_gridlike, st_single_dragon_hoard_4
Zot:3:    layout_gridville
Zot:4:    gammafunk_dig_for_victory, layout_misc_corridors,
          hangedman_zot_diagonal_lockstep
Zot:5:    layout_gridlike, drop_trap

Notes
Turn   | Place    | Note
-------+----------+-------------------------------------------
     0 | D:1      | zeratav the Octopode Venom Mage began the quest for the
                  | Orb.
     0 | D:1      | Reached XP level 1. HP: 11/11 MP: 3/3
     0 | D:1      | magus.rc [v1.9.6]
   241 | D:1      | Reached skill level 3 in Stealth
   300 | D:1      | Reached XP level 2. HP: 17/17 MP: 5/5
   327 | D:1      | Reached skill level 4 in Poison Magic
   567 | D:1      | You pick up a book of Frost and begin reading...
   567 | D:1      | You add the spells Freeze, Frozen Ramparts and Hailstorm to
                  | your library.
  1024 | D:2      | Reached skill level 4 in Stealth
  1024 | D:2      | Reached XP level 3. HP: 10/21 MP: 6/6
  1115 | D:2      | Reached XP level 4. HP: 22/27 MP: 7/7
  1337 | D:2      | Found Gepada's Antique Weapon Shop.
  1704 | D:2      | Found a faded altar of an unknown god.
  1712 | D:2      | Reached skill level 5 in Poison Magic
  1833 | D:3      | Noticed Sigmund
  1978 | D:3      | Found a stormy altar of Qazlal.
  1989 | D:3      | Reached skill level 5 in Stealth
  2814 | D:4      | Noticed a scorpion
  2857 | D:4      | Found Cuafer's Jewellery Shop.
  2861 | D:4      | Learned a level 2 spell: Poisonous Vapours
  2941 | D:4      | Killed a scorpion
  2942 | D:4      | Reached skill level 6 in Poison Magic
  2942 | D:4      | Reached XP level 5. HP: 31/31 MP: 3/8
  3156 | D:4      | Noticed an ogre
  3202 | D:4      | Killed an ogre
  3203 | D:4      | Reached skill level 7 in Poison Magic
  3203 | D:4      | Reached XP level 6. HP: 13/36 MP: 0/9
  3821 | D:4      | You pick up a book of Air and begin reading...
  3821 | D:4      | You add the spells Shock, Swiftness and Airstrike to your
                  | library.
  4214 | D:5      | Entered Level 5 of the Dungeon
  4220 | D:5      | Reached skill level 8 in Poison Magic
  4261 | D:5      | Reached XP level 7. HP: 23/41 MP: 7/10
  4504 | D:5      | Found a glowing golden altar of the Shining One.
  4657 | D:5      | Reached skill level 9 in Poison Magic
  4877 | D:5      | HP: 5/37 [necrophage (7)]
  4879 | D:5      | Reached skill level 1 in Fighting
  5187 | D:5      | Reached skill level 3 in Dodging
  5190 | D:5      | Reached skill level 2 in Fighting
  5331 | D:5      | Learned a level 4 spell: Olgreb's Toxic Radiance
  5430 | D:5      | You pick up a book of Dreams and begin reading...
  5430 | D:5      | You add the spells Ensorcelled Hibernation, Spider Form and
                  | Anguish to your library.
  5512 | D:5      | Reached skill level 3 in Fighting
  5512 | D:5      | Reached XP level 8. HP: 52/52 MP: 2/11
  5543 | D:5      | HP: 13/52 [ice beast (4)]
  5545 | D:5      | Reached skill level 4 in Dodging
  5996 | D:6      | Found a glowing drain.
  6004 | D:6      | Reached skill level 4 in Fighting
  6058 | D:6      | Reached skill level 5 in Dodging
  6064 | D:6      | You add the spells Conjure Flame, Ignite Poison and Sticky
                  | Flame to your library.
  6123 | Sewer    | Entered a sewer
  6128 | Sewer    | Learned a level 3 spell: Ignite Poison
  6600 | Sewer    | Reached skill level 5 in Fighting
  6601 | Sewer    | Reached skill level 1 in Fire Magic
  6671 | Sewer    | You pick up a book of Displacement and begin reading...
  6671 | Sewer    | You add the spells Lesser Beckoning, Gell's Gravitas and
                  | Teleport Other to your library.
  6824 | D:6      | HP: 13/55 [something/ball of steam (25)]
  7065 | D:6      | Reached skill level 2 in Transmutations
  7065 | D:6      | Reached skill level 2 in Fire Magic
  7572 | D:6      | Reached skill level 3 in Transmutations
  7572 | D:6      | Reached XP level 9. HP: 61/61 MP: 4/12
  7770 | D:6      | Found an ornate altar of the Wu Jian Council.
  7808 | D:6      | Reached skill level 3 in Fire Magic
  7872 | D:6      | Noticed Blork the orc
  7878 | D:6      | Killed Blork the orc
  8004 | D:6      | Reached skill level 4 in Transmutations
  8218 | D:6      | Found a glowing silver altar of Zin.
  8218 | D:6      | Noticed an angel
  8577 | D:7      | Reached skill level 4 in Fire Magic
  8763 | D:7      | Reached skill level 5 in Transmutations
  8763 | D:7      | Reached skill level 1 in Air Magic
  8768 | D:7      | HP: 13/58 [wight/+5 spear of freezing (12)]
  9110 | D:7      | Reached skill level 2 in Air Magic
  9332 | D:6      | magus.rc [v1.9.6]
  9392 | D:7      | Found a staircase to the Ecumenical Temple.
  9397 | Temple   | Entered the Ecumenical Temple
  9526 | Temple   | Became a worshipper of Gozag Ym Sagoz the Greedy
  9642 | D:7      | Reached skill level 3 in Air Magic
  9662 | D:7      | You pick up a book of Changes and begin reading...
  9662 | D:7      | You add the spells Beastly Appendage and Wereblood to your
                  | library.
  9962 | D:7      | Identified the +1 leather armour of Deacro {Rampage rC+ rN+
                  | Dex+3}
  9967 | D:7      | Reached skill level 4 in Air Magic
 10124 | D:7      | Reached skill level 5 in Air Magic
 10528 | D:4      | Bought the ring "Iddieser" {rPois rN+} for 374 gold pieces
 10936 | D:7      | Reached skill level 3 in Spellcasting
 10936 | D:7      | Reached XP level 10. HP: 58/66 MP: 5/14
 10939 | D:7      | Found a bloodstained altar of Trog.
 11126 | D:8      | Reached skill level 6 in Air Magic
 11371 | D:8      | Reached skill level 4 in Spellcasting
 11563 | D:8      | You pick up a book of Lightning and begin reading...
 11563 | D:8      | You add the spells Static Discharge, Lightning Bolt and
                  | Maxwell's Capacitive Coupling to your library.
 11606 | D:8      | Noticed Grum
 11614 | D:8      | Killed Grum
 11615 | D:8      | Reached skill level 7 in Air Magic
 11627 | D:8      | Reached skill level 5 in Spellcasting
 11770 | D:8      | Noticed Gastronok
 11969 | D:8      | Reached skill level 8 in Air Magic
 12187 | D:8      | Noticed a cyclops
 12189 | D:8      | Killed a cyclops
 12190 | D:8      | Reached skill level 6 in Fighting
 12190 | D:8      | Reached skill level 6 in Dodging
 12221 | D:8      | HP: 17/68 [wight/+0 great sword (10)]
 12243 | D:8      | HP: 12/68 [killer bee (8)]
 12630 | D:8      | Noticed a centaur warrior
 12670 | D:8      | Killed a centaur warrior
 12671 | D:8      | Reached XP level 11. HP: 64/74 MP: 8/18
 13081 | D:8      | Reached skill level 7 in Fighting
 13081 | D:8      | Reached skill level 7 in Dodging
 13234 | D:8      | Noticed Prince Ribbit
 13240 | D:8      | Killed Prince Ribbit
 13319 | D:8      | You are sucked into a shaft and drop 2 floors!
 13319 | D:10     | Entered Level 10 of the Dungeon
 13334 | D:10     | Found a white marble altar of Elyvilon.
 13455 | D:10     | HP: 14/75 [warg (9)]
 13737 | D:10     | Noticed a two-headed ogre
 13743 | D:10     | Killed a two-headed ogre
 14029 | D:9      | Gained mutation: You passively map a small area around you.
                  | [potion of mutation]
 14029 | D:9      | Gained mutation: You occasionally lose the ability to drink
                  | potions when taking damage. [potion of mutation]
 14029 | D:9      | Gained mutation: Your flesh is cold resistant. (rC+)
                  | [potion of mutation]
 14232 | D:9      | You pick up a book of the Moon and begin reading...
 14232 | D:9      | You add the spells Passage of Golubria, Silence and
                  | Lehudib's Crystal Spear to your library.
 14258 | D:9      | Reached skill level 8 in Fighting
 14258 | D:9      | Reached skill level 8 in Dodging
 14856 | D:9      | Reached skill level 6 in Stealth
 15215 | D:8      | Reached skill level 7 in Stealth
 15632 | D:8      | Killed Gastronok
 15633 | D:8      | Reached skill level 9 in Stealth
 15955 | D:9      | Identified the +13 plate armour "Qowkaxy" {rC+ Regen+
                  | Slay+2}
 16357 | D:10     | Learned a level 4 spell: Airstrike
 16357 | D:10     | Found a staircase to the Lair.
 16387 | D:10     | HP: 19/77 [warg (12)]
 16769 | D:10     | Reached skill level 10 in Stealth
 16883 | D:10     | Found a snail-covered altar of Cheibriados.
 17160 | D:10     | You pick up a book of the Tundra and begin reading...
 17533 | D:11     | Noticed a boulder beetle
 17584 | D:11     | Killed a boulder beetle
 17585 | D:11     | Reached XP level 12. HP: 84/84 MP: 7/19
 17725 | D:11     | HP: 18/84 [slime creature (5)]
 18312 | D:11     | Found a transporter.
 18313 | D:11     | Found a transporter.
 18359 | D:11     | Found a transporter.
 18361 | D:11     | Found a transporter.
 18411 | D:11     | Reached skill level 9 in Fighting
 18411 | D:11     | Reached skill level 9 in Dodging
 18559 | D:11     | Found a staircase to the Orcish Mines.
 18563 | D:11     | Noticed a two-headed ogre
 18821 | D:11     | Killed a two-headed ogre
 19131 | D:11     | Noticed a two-headed ogre
 19134 | D:11     | Killed a two-headed ogre
 19216 | D:11     | Identified the +3 chain mail of Tomorrow {rElec Int+4}
 19375 | D:11     | Noticed a four-headed hydra
 19602 | D:11     | You pick up a book of Iron and begin reading...
 19602 | D:11     | You add the spells Blade Hands and Iron Shot to your
                  | library.
 19608 | D:11     | You pick up a book of Scorching and begin reading...
 19608 | D:11     | You add the spells Scorch, Flame Wave and Summon Cactus
                  | Giant to your library.
 19715 | D:11     | You pick up a book of the Warp and begin reading...
 19715 | D:11     | You add the spells Dispersal and Disjunction to your
                  | library.
 19935 | D:11     | Killed a four-headed hydra
 20078 | D:12     | Reached skill level 10 in Fighting
 20078 | D:12     | Reached skill level 10 in Dodging
 20315 | D:12     | Found a runed translucent door.
 20473 | D:12     | Found Cyugh's Antique Weapon Boutique.
 20797 | D:12     | Reached skill level 9 in Air Magic
 20843 | D:12     | Found a runed translucent gate.
 20843 | D:12     | Noticed a boulder beetle
 20843 | D:12     | Noticed a boulder beetle
 20856 | D:12     | Found a runed translucent gate.
 20857 | D:12     | Found a runed translucent gate.
 20857 | D:12     | Found a runed translucent gate.
 20857 | D:12     | Found a runed translucent gate.
 20857 | D:12     | Identified the +5 whip "Goefibuw" {vorpal, *Slow rN++
                  | Str+7}
 20859 | D:12     | Found a runed translucent gate.
 20859 | D:12     | Noticed a boulder beetle
 21112 | D:12     | Noticed a seven-headed hydra
 21141 | D:12     | Killed a seven-headed hydra
 21287 | D:12     | Noticed Lodul
 21291 | D:12     | Reached skill level 10 in Air Magic
 21294 | D:12     | Killed Lodul
 21686 | Lair:1   | Entered Level 1 of the Lair of Beasts
 21697 | Lair:1   | Reached XP level 13. HP: 92/92 MP: 12/20
 21781 | Lair:1   | Reached skill level 11 in Air Magic
 21863 | Lair:1   | You pick up a book of the Moon and begin reading...
 21871 | Lair:1   | Reached skill level 12 in Air Magic
 22225 | Lair:1   | Reached skill level 6 in Transmutations
 22534 | Lair:1   | Reached skill level 7 in Transmutations
 22883 | Lair:2   | Reached skill level 8 in Transmutations
 23522 | Lair:3   | Identified the +3 dagger "Conservator" {flame, Drain MP+9
                  | Dex+8}
 23637 | Lair:3   | Found a hole to the Spider Nest.
 23678 | Lair:3   | Reached skill level 9 in Transmutations
 23842 | Lair:3   | Noticed Snorg
 23898 | Lair:3   | Killed Snorg
 24506 | Lair:3   | Found a staircase to the Shoals.
 24721 | Lair:4   | Reached skill level 10 in Transmutations
 24838 | Lair:4   | Reached skill level 1 in Conjurations
 24838 | Lair:4   | Reached skill level 1 in Earth Magic
 24855 | Lair:4   | Noticed Urug
 24862 | Lair:4   | Reached XP level 14. HP: 65/99 MP: 7/21
 24863 | Lair:4   | Killed Urug
 24864 | Lair:4   | Reached skill level 2 in Conjurations
 24864 | Lair:4   | Reached skill level 2 in Earth Magic
 24870 | Lair:4   | U - a +5 eveningstar {macerare=g}
 24931 | Lair:4   | Found a frozen archway.
 25077 | IceCv    | Entered an ice cave
 25116 | IceCv    | Reached skill level 3 in Earth Magic
 25117 | IceCv    | Reached skill level 3 in Conjurations
 25476 | Lair:4   | Identified the +3 war axe "Udid" {freeze, rF++}
 25561 | Lair:4   | Reached skill level 6 in Spellcasting
 25584 | Lair:4   | Noticed Rupert
 25612 | Lair:4   | Reached skill level 4 in Earth Magic
 25637 | Lair:3   | Reached skill level 4 in Conjurations
 25779 | Lair:4   | Killed Rupert
 26593 | Lair:5   | Reached skill level 7 in Spellcasting
 26593 | Lair:5   | Reached skill level 5 in Conjurations
 26593 | Lair:5   | Reached skill level 5 in Earth Magic
 26977 | Lair:5   | Reached skill level 6 in Conjurations
 26977 | Lair:5   | Reached skill level 6 in Earth Magic
 26999 | Lair:5   | Found a staircase to the Slime Pits.
 27805 | Lair:5   | Reached skill level 8 in Spellcasting
 27818 | Lair:5   | Found a runed translucent gate.
 27853 | Lair:5   | Found a runed translucent gate.
 27854 | Lair:5   | Found a runed translucent gate.
 27892 | Lair:5   | Noticed Mysukhlell's ghost (journeyman DrTm)
 27910 | Lair:6   | Entered Level 6 of the Lair of Beasts
 28020 | Lair:6   | Reached XP level 15. HP: 81/103 MP: 27/27
 28256 | Lair:6   | HP: 22/103 [large abomination (37)]
 28299 | Lair:6   | Reached skill level 7 in Conjurations
 28299 | Lair:6   | Reached skill level 7 in Earth Magic
 29429 | Lair:6   | Learned a level 3 spell: Swiftness
 29727 | Lair:6   | Reached skill level 9 in Spellcasting
 29775 | Lair:6   | Found a corrupted altar of Lugonu.
 29777 | Lair:6   | Found a one-way gate to the infinite horrors of the Abyss.
 29787 | Lair:6   | Identified +1 pearl dragon scales
 29788 | Lair:6   | o - +1 pearl dragon scales {rare=g}
 29883 | Lair:6   | Reached skill level 8 in Conjurations
 29883 | Lair:6   | Reached skill level 8 in Earth Magic
 30119 | Lair:5   | You drop +1 pearl dragon scales {rare=g}.
 30120 | Lair:5   | You drop a +5 eveningstar {macerare=g}.
 30777 | Orc:1    | Entered Level 1 of the Orcish Mines
 31025 | Orc:2    | Entered Level 2 of the Orcish Mines
 31036 | Orc:1    | Found Pesihais's Mass Market.
 31385 | Orc:2    | Found a staircase to the Elven Halls.
 31451 | Orc:2    | Noticed Sonja
 31455 | Orc:2    | Killed Sonja
 31697 | Orc:2    | Reached skill level 9 in Earth Magic
 31704 | Orc:2    | Reached skill level 9 in Conjurations
 31715 | Orc:2    | Reached skill level 10 in Spellcasting
 31715 | Orc:2    | Reached XP level 16. HP: 109/109 MP: 4/30
 31747 | Orc:2    | Reached skill level 10 in Conjurations
 31818 | Orc:2    | Reached skill level 10 in Earth Magic
 31824 | Orc:2    | Found Nigh's Antique Weapon Shoppe.
 31856 | Orc:2    | Found Cofutatt's Jewellery Shoppe.
 31882 | Orc:2    | Found Koban's Jewellery Boutique.
 31892 | Orc:2    | Found Binaek's General Store.
 31901 | Orc:2    | Bought a scroll of magic mapping for 120 gold pieces
 31901 | Orc:2    | Bought a potion of lignification for 48 gold pieces
 32037 | Orc:2    | Bought the Quarto of the Tainted Grave for 650 gold pieces
 32037 | Orc:2    | You add the spells Necrotise, Eringya's Noxious Bog and
                  | Infestation to your library.
 32037 | Orc:2    | Bought the Catalogue of Toxicity and Metamorphosis for 598
                  | gold pieces
 32037 | Orc:2    | You add the spells Irradiate and Storm Form to your
                  | library.
 32143 | Elf:1    | Entered Level 1 of the Elven Halls
 32181 | Elf:1    | Reached skill level 1 in Unarmed Combat
 32357 | Shoals:1 | Entered Level 1 of the Shoals
 32761 | Shoals:1 | Reached skill level 2 in Unarmed Combat
 33032 | Shoals:1 | Identified a potion of experience
 33032 | Shoals:1 | Reached skill level 10 in Poison Magic
 33032 | Shoals:1 | Reached XP level 17. HP: 115/115 MP: 31/31
 33177 | Shoals:1 | Noticed a kraken
 33238 | Shoals:1 | Killed a kraken
 33722 | Shoals:2 | You fall into a shaft and drop 1 floor!
 33776 | Shoals:3 | Reached skill level 3 in Unarmed Combat
 33848 | Shoals:3 | Reached skill level 11 in Transmutations
 34421 | Shoals:2 | Reached skill level 13 in Air Magic
 34647 | Shoals:2 | Reached skill level 11 in Poison Magic
 34677 | Shoals:2 | Found a runed translucent door.
 34685 | Shoals:2 | Paralysed by an apocalypse crab for 5 turns
 34773 | Shoals:2 | Found a corrupted altar of Lugonu.
 35423 | Shoals:2 | HP: 27/115 [poisoned by a sea snake]
 35428 | Shoals:2 | HP: 12/115 [poisoned by a sea snake]
 35433 | Shoals:2 | HP: 8/115 [poisoned by a sea snake]
 36322 | Shoals:3 | You pick up a book of the Spheres and begin reading...
 36322 | Shoals:3 | You add the spells Iskenderun's Battlesphere, Fireball,
                  | Conjure Ball Lightning and Orb of Destruction to your
                  | library.
 36365 | Shoals:3 | Noticed Polyphemus
 36373 | Shoals:3 | Killed Polyphemus
 36822 | Shoals:4 | Entered Level 4 of the Shoals
 37303 | Shoals:4 | Reached skill level 12 in Transmutations
 37303 | Shoals:4 | Reached skill level 12 in Poison Magic
 37568 | Shoals:4 | Reached XP level 18. HP: 102/120 MP: 31/32
 37576 | Shoals:4 | HP: 21/120 [merfolk javelineer/javelin (25)]
 37577 | Shoals:4 | HP: 2/120 [merfolk aquamancer/shard of ice (19)]
 37585 | Shoals:4 | Reached skill level 14 in Air Magic
 38095 | Shoals:4 | Got a barnacled rune of Zot
 38674 | Shoals:4 | Found Echerouf's Armour Shoppe.
 38724 | Shoals:4 | Identified the +10 scimitar "Kouwim" {vorpal, rPois Will+++
                  | Dex-3 Stlth+}
 38943 | Shoals:4 | Reached skill level 13 in Transmutations
 39134 | Shoals:4 | You pick up a book of Alchemy and begin reading...
 39134 | Shoals:4 | You add the spells Sublimation of Blood and Petrify to your
                  | library.
 39408 | Shoals:4 | Bought the amulet of the Four Winds {rN+ Will+++ Clar} for
                  | 1335 gold pieces
 39408 | Shoals:4 | Found the amulet of the Four Winds {rN+ Will+++ Clar}
 39530 | Spider:1 | Entered Level 1 of the Spider Nest
 39554 | Spider:1 | Learned a level 7 spell: Storm Form
 39939 | Spider:1 | Reached skill level 15 in Air Magic
 40191 | Spider:1 | Learned a level 6 spell: Eringya's Noxious Bog
 40348 | Spider:1 | Reached skill level 14 in Transmutations
 40640 | Spider:1 | Identified a +1 robe of the Archmagi
 40894 | Spider:1 | Noticed Agnes
 40899 | Spider:1 | Killed Agnes
 41163 | Spider:1 | You pick up a book of the Moon and begin reading...
 41234 | Spider:1 | Identified a scroll of acquirement
 41238 | Spider:1 | Acquired the ring of Zaurhoma {rElec rF+++ rN+ Int-4
                  | Stlth+}
 41516 | Spider:2 | Reached skill level 15 in Transmutations
 41535 | Spider:2 | Reached skill level 4 in Unarmed Combat
 42551 | Spider:3 | Reached skill level 5 in Unarmed Combat
 42757 | Spider:3 | Reached skill level 6 in Unarmed Combat
 42757 | Spider:3 | HP: 12/120 [emperor scorpion (21)]
 43235 | Spider:2 | Lost mutation: Your flesh is cold resistant. (rC+) [potion
                  | of mutation]
 43235 | Spider:2 | Lost mutation: You passively map a small area around you.
                  | [potion of mutation]
 43235 | Spider:2 | Lost mutation: You occasionally lose the ability to drink
                  | potions when taking damage. [potion of mutation]
 43235 | Spider:2 | Gained mutation: You are strong-willed. (Will+) [potion of
                  | mutation]
 43235 | Spider:2 | Gained mutation: You have hidden genetic defects. [potion
                  | of mutation]
 43235 | Spider:2 | Gained mutation: You have a pair of small antennae on your
                  | head. [potion of mutation]
 43236 | Spider:2 | Lost mutation: You are strong-willed. (Will+) [potion of
                  | mutation]
 43236 | Spider:2 | Lost mutation: You have hidden genetic defects. [potion of
                  | mutation]
 43236 | Spider:2 | Lost mutation: You have a pair of small antennae on your
                  | head. [potion of mutation]
 43236 | Spider:2 | Gained mutation: Your magical capacity is low. (-10% MP)
                  | [potion of mutation]
 43236 | Spider:2 | Lost mutation: Your magical capacity is low. (-10% MP)
                  | [potion of mutation]
 43331 | Spider:3 | Reached XP level 19. HP: 126/126 MP: 33/33
 43789 | Spider:3 | Reached skill level 7 in Unarmed Combat
 44009 | Spider:3 | Reached skill level 8 in Unarmed Combat
 44230 | Spider:3 | Noticed Azrael
 44237 | Spider:3 | Killed Azrael
 44351 | Spider:3 | Noticed Arachne
 44372 | Spider:3 | Killed Arachne
 44373 | Spider:3 | Reached skill level 9 in Unarmed Combat
 44697 | Spider:4 | Entered Level 4 of the Spider Nest
 45383 | Spider:4 | Reached skill level 10 in Unarmed Combat
 45988 | Spider:4 | Reached skill level 11 in Unarmed Combat
 46473 | Spider:4 | Identified the +8 sling "Dallett" {speed, rF+ rN+}
 47019 | Spider:4 | Got a gossamer rune of Zot
 47365 | Spider:4 | Reached skill level 11 in Dodging
 47376 | Spider:4 | Reached skill level 11 in Fighting
 48105 | Elf:1    | Paralysed by an air elemental for 1 turns
 48367 | Elf:1    | HP: 25/129 [+3 vorpal halberd (15)]
 48755 | Elf:1    | Found a runed translucent door.
 48756 | Elf:1    | Noticed Veiv's ghost (adept OpAE)
 48776 | Elf:1    | Killed Veiv's ghost
 48907 | Elf:1    | Found a radiant altar of Vehumet.
 49516 | Elf:1    | You pick up a book of Displacement and begin reading...
 49530 | Elf:1    | You add the spells Summon Forest and Summon Hydra to your
                  | library.
 49556 | Elf:1    | Reached XP level 20. HP: 96/136 MP: 15/34
 49865 | Elf:1    | Reached skill level 12 in Fighting
 49865 | Elf:1    | Reached skill level 12 in Dodging
 50396 | Elf:1    | You pick up a book of Sloth and begin reading...
 50396 | Elf:1    | You add the spells Metabolic Englaciation and Statue Form
                  | to your library.
 50401 | Elf:1    | You add the spells Summon Ice Beast and Dragon Form to your
                  | library.
 50401 | Elf:1    | Got the Grimoire of Amorphous Allies
 51193 | Elf:2    | You pick up a book of Vapours and begin reading...
 51355 | Elf:2    | You pick up a book of Misfortune and begin reading...
 51355 | Elf:2    | You add the spells Confusing Touch, Yara's Violent
                  | Unravelling and Enfeeble to your library.
 51721 | Elf:2    | Found a huge runed translucent gate.
 51721 | Elf:2    | Found a huge runed translucent gate.
 51721 | Elf:2    | Found a huge runed translucent gate.
 51721 | Elf:2    | Found a huge runed translucent gate.
 51721 | Elf:2    | Found a huge runed translucent gate.
 51892 | Elf:2    | You pick up a book of Sloth and begin reading...
 51893 | Elf:2    | Found Etauge's Antique Armour Shoppe.
 52273 | Elf:2    | Noticed Jorgrun
 52279 | Elf:2    | Killed Jorgrun
 52632 | Elf:2    | Reached skill level 13 in Dodging
 52722 | Elf:2    | Reached skill level 13 in Fighting
 53874 | Elf:3    | Entered Level 3 of the Elven Halls
 54866 | Elf:3    | Reached skill level 14 in Fighting
 54866 | Elf:3    | Reached skill level 14 in Dodging
 55012 | Elf:3    | Identified the +3 leather armour of Jeosaop {rF+ rC- rN++
                  | Str+2}
 55314 | Elf:3    | Identified the +0 robe of Past Mistakes {Will- Int+7 Dex+3}
 55319 | Elf:3    | Identified the +3 spear "Xaddais" {protect, *Noise rC++
                  | rCorr Stlth+}
 55443 | Elf:3    | Reached XP level 21. HP: 105/149 MP: 11/35
 55860 | Elf:3    | Identified the +6 long sword of Honesty {flame, *Slow rPois
                  | Int+6}
 55872 | Elf:3    | Identified the ring "Taciopru" {rPois rF+}
 55975 | Elf:3    | Identified the ring "Isuoshru" {Fly Str+2}
 56306 | Elf:3    | Found the -2 hat of the Alchemist {rElec rPois rF+ rC+ rN+
                  | Will+ rMut rCorr}
 56629 | Elf:3    | You pick up a book of Scorching and begin reading...
 56633 | Elf:3    | You add the spells Borgnjor's Vile Clutch, Agony and Death
                  | Channel to your library.
 56633 | Elf:3    | Got Sif Muna's Disquisition on Bloody Transmutation
 56634 | Elf:3    | Identified the +5 arbalest "Oteopiodee" {penet, *Corrode
                  | Int+8 Dex+5}
 56639 | Elf:3    | Identified the +0 plate armour of Inquiry {rC+}
 56642 | Elf:3    | Got the Almanac of the Vacuum
 56693 | Elf:3    | You pick up a book of Cantrips and begin reading...
 56693 | Elf:3    | You add the spells Summon Small Mammal and Apportation to
                  | your library.
 56697 | Elf:3    | Got the Lessons on the Snake and Blasts
 56724 | Elf:3    | You pick up a book of the Dragon and begin reading...
 56724 | Elf:3    | You add the spells Cause Fear and Dragon's Call to your
                  | library.
 56727 | Elf:3    | You pick up a book of Cantrips and begin reading...
 57225 | Slime:1  | Entered Level 1 of the Pits of Slime
 57313 | Slime:2  | You are sucked into a shaft and drop 1 floor!
 57732 | Slime:2  | Gained mutation: Potions are less effective at restoring
                  | your health. [a shining eye]
 57745 | Slime:2  | Reached skill level 15 in Fighting
 57745 | Slime:2  | Reached skill level 15 in Dodging
 57751 | Slime:2  | Gained mutation: You are dopey. (Int -2) [a shining eye]
 58806 | Slime:1  | Gained mutation: Your body sometimes deteriorates upon
                  | taking damage. [a shining eye]
 59468 | Slime:4  | Paralysed by a floating eye for 2 turns
 60895 | Slime:5  | Entered Level 5 of the Pits of Slime
 60929 | Slime:5  | Reached skill level 16 in Air Magic
 60931 | Slime:5  | Reached skill level 16 in Transmutations
 61232 | Slime:5  | Noticed the Royal Jelly
 61381 | Slime:5  | Gained mutation: You occasionally lose the ability to drink
                  | potions when taking damage. [a shining eye]
 62280 | Slime:5  | Killed the Royal Jelly
 62281 | Slime:5  | Reached XP level 22. HP: 157/157 MP: 22/36
 62541 | Slime:5  | Identified the +5 sling of Ageo {flame, rN++}
 62547 | Slime:5  | You add the spells Passwall and Shatter to your library.
 62547 | Slime:5  | Got the Folio of Variable Bedrock
 62548 | Slime:5  | Identified the +0 ring mail "Ciazuod" {-Tele Rampage rPois
                  | rF+}
 62550 | Slime:5  | You pick up a book of Unlife and begin reading...
 62555 | Slime:5  | Identified the +1 plate armour of a treasure trove {Harm}
 62574 | Slime:5  | Got a slimy rune of Zot
 62585 | Slime:5  | You pick up a book of Transfigurations {@e2} and begin
                  | reading...
 62603 | Slime:5  | Identified the +9 broad axe of Causality {vorpal, rC++}
 62607 | Slime:5  | You pick up a book of Dreams and begin reading...
 62608 | Slime:5  | Identified the +2 trident "Jurayduq" {vorpal, Dex+4}
 62634 | Slime:5  | Identified the +9 trident of Tos Xeetz {drain, Fragile
                  | Str+2 Int+3 SInv}
 62661 | Slime:5  | You add the spells Freezing Cloud and Ozocubu's
                  | Refrigeration to your library.
 62661 | Slime:5  | Got the Reference Book on the Snowflakes
 63160 | Lair:5   | Killed Mysukhlell's ghost
 63625 | D:12     | Identified the amulet "Luhuczy" {RegenMP Str+5}
 63730 | D:13     | Found Zemnatil's One-of-a-Kind Rings.
 63739 | D:13     | Bought the ring "Cyaxkez" {rF- Str+4 Dex+6 Slay+6} for 696
                  | gold pieces
 63739 | D:13     | Bought a +6 ring of protection for 780 gold pieces
 63739 | D:13     | Bought a +9 ring of strength for 780 gold pieces
 63952 | D:13     | Identified the ring "Rusm" {Wiz *Corrode Will+++ Int+4
                  | Dex-2}
 64182 | D:13     | Found Removon's Armour Shoppe.
 64211 | D:13     | Found Iliomez's Magic Scroll Shoppe.
 64213 | D:13     | Found Wilosuofo's Assorted Antiques.
 64214 | D:13     | Found Nadios Anei's Assorted Antiques.
 64230 | D:13     | Bought a scroll of fog for 52 gold pieces
 64517 | D:13     | Acquired 1053 gold pieces
 64716 | D:14     | Found a gate to the Vaults.
 64753 | D:14     | Reached skill level 17 in Transmutations
 64753 | D:14     | Reached skill level 17 in Air Magic
 64755 | D:14     | Noticed Frances
 64764 | D:14     | Killed Frances
 65030 | D:14     | You pick up a book of Spectacle and begin reading...
 65030 | D:14     | You add the spells Dazzling Flash, Iskenderun's Mystic
                  | Blast and Starburst to your library.
 65351 | D:14     | Learned a level 5 spell: Yara's Violent Unravelling
 65467 | D:14     | Found a sacrificial altar of Ru.
 65534 | D:14     | You pick up a book of Fire and begin reading...
 65678 | D:15     | Entered Level 15 of the Dungeon
 66195 | D:15     | Found a staircase to the Depths.
 66472 | D:15     | Identified the +3 mace of the Ancient Xenophobes {freeze,
                  | rElec rF+ rC- Int+3}
 67303 | Vaults:1 | Entered Level 1 of the Vaults
 67767 | Vaults:1 | Reached skill level 18 in Air Magic
 67770 | Vaults:1 | Reached skill level 18 in Transmutations
 68335 | Vaults:1 | Found a runed translucent gate.
 68335 | Vaults:1 | Found a runed translucent gate.
 68335 | Vaults:1 | Found a runed translucent gate.
 68335 | Vaults:1 | Noticed garrulousMonolith's ghost (veteran GnFi)
 68517 | Vaults:1 | Noticed Saint Roka
 68535 | Vaults:1 | Killed Saint Roka
 68796 | Vaults:1 | Lost mutation: You are dopey. (Int -2) [potion of mutation]
 68796 | Vaults:1 | Lost mutation: You occasionally lose the ability to drink
                  | potions when taking damage. [potion of mutation]
 68796 | Vaults:1 | Lost mutation: Potions are less effective at restoring your
                  | health. [potion of mutation]
 68796 | Vaults:1 | Gained mutation: You have a pair of small antennae on your
                  | head. [potion of mutation]
 68796 | Vaults:1 | Gained mutation: Your muscles are strong. (Str +4, Int/Dex
                  | -1) [potion of mutation]
 68796 | Vaults:1 | Gained mutation: You are robust. (+10% HP) [potion of
                  | mutation]
 68796 | Vaults:1 | Gained mutation: You are covered in fur. (AC +1) [potion of
                  | mutation]
 69166 | Vaults:2 | Identified a +2 robe of the Archmagi
 69842 | Vaults:2 | Reached XP level 23. HP: 178/178 MP: 37/37
 70344 | Vaults:2 | Found a transporter.
 70356 | Vaults:2 | Found a transporter.
 70471 | Vaults:2 | Found a staircase to the Crypt.
 70650 | Vaults:2 | Reached skill level 19 in Transmutations
 70650 | Vaults:2 | Reached skill level 19 in Air Magic
 71217 | Vaults:3 | You add the spells Borgnjor's Revivification, Necromutation
                  | and Death's Door to your library.
 71592 | Vaults:3 | Found a transporter.
 71599 | Vaults:3 | Found a transporter.
 71713 | Vaults:3 | Found Luh Rees's Assorted Antiques.
 71736 | Vaults:3 | Bought a scroll of teleportation for 117 gold pieces
 72960 | Vaults:4 | Found Quylott's Weapon Shoppe.
 73372 | Vaults:4 | Reached skill level 20 in Transmutations
 73372 | Vaults:4 | Reached skill level 20 in Air Magic
 73460 | Vaults:4 | Found a transporter.
 73460 | Vaults:4 | Found a transporter.
 73667 | Vaults:4 | Found a bloodstained altar of Trog.
 73672 | Vaults:4 | Noticed Ugguttuj's ghost (veteran DrWn)
 73675 | Vaults:4 | Identified the ring "Ohomid" {rElec Int+2 Dex+6}
 73684 | Vaults:4 | Identified the +5 ring mail "Koappor" {Str+3 Stlth+}
 73725 | Vaults:4 | You pick up a book of Armaments and begin reading...
 74702 | Vaults:4 | Learned a level 2 spell: Passwall
 74758 | Vaults:5 | Entered Level 5 of the Vaults
 74911 | Crypt:1  | Entered Level 1 of the Crypt
 74933 | Crypt:1  | Noticed Aizul
 74942 | Crypt:1  | Killed Aizul
 74943 | Crypt:1  | Reached skill level 11 in Spellcasting
 75400 | Crypt:1  | Reached XP level 24. HP: 185/185 MP: 38/38
 75503 | Crypt:1  | Reached skill level 12 in Spellcasting
 75846 | Crypt:1  | Found a basalt altar of Yredelemnul.
 76015 | Crypt:2  | Noticed Margery
 76032 | Crypt:2  | Killed Margery
 76038 | Crypt:2  | Reached skill level 13 in Spellcasting
 76309 | Crypt:2  | Noticed a curse skull
 76313 | Crypt:2  | Identified the ring "Cicismuva" {Ice rPois Int+3}
 76313 | Crypt:2  | Noticed Josephina
 76319 | Crypt:2  | Identified the ring of Piax {rC+ Str+2 Slay+4 SInv}
 76319 | Crypt:2  | Noticed Khufu
 76441 | Crypt:2  | Killed Khufu
 76446 | Crypt:2  | Killed a curse skull
 76804 | Crypt:2  | Reached skill level 14 in Spellcasting
 76833 | Crypt:2  | Killed Josephina
 77173 | Crypt:2  | Noticed Xtahua
 77177 | Crypt:2  | Killed Xtahua
 77293 | Crypt:3  | Entered Level 3 of the Crypt
 77442 | Crypt:3  | Identified the amulet "Guoh" {Spirit rPois rC+ Str-3}
 77630 | Crypt:3  | Found a basalt altar of Yredelemnul.
 77644 | Crypt:3  | Reached skill level 15 in Spellcasting
 78463 | Crypt:3  | Identified the ring of Zeukluil {rElec rC+ rN+ Str+3 Dex-2}
 78463 | Crypt:3  | Identified the ring of Bodily Harmony {rPois rN+ Str+5}
 78517 | Crypt:3  | Noticed Jory
 78539 | Crypt:3  | Killed Jory
 78566 | Crypt:3  | Found a staircase to the Tomb.
 78725 | Crypt:3  | Found the +9 heavy crossbow "Sniper" {vorpal, Acc+∞ SInv}
 79368 | Vaults:5 | Reached XP level 25. HP: 170/191 MP: 36/42
 79388 | Vaults:5 | Reached skill level 21 in Transmutations
 79388 | Vaults:5 | Reached skill level 21 in Air Magic
 79742 | Vaults:5 | Noticed a dread lich
 79791 | Vaults:5 | Killed a dread lich
 80124 | Vaults:5 | Found Korphyn's Magic Scroll Shoppe.
 80124 | Vaults:5 | Noticed a dread lich
 80131 | Vaults:5 | You pick up a book of Cantrips and begin reading...
 80135 | Vaults:5 | Killed a dread lich
 80185 | Vaults:5 | Bought a scroll of silence for 180 gold pieces
 80185 | Vaults:5 | Bought a scroll of fog for 76 gold pieces
 80185 | Vaults:5 | Bought a scroll of acquirement for 988 gold pieces
 80185 | Vaults:5 | Bought 3 scrolls of teleportation for 171 gold pieces
 80185 | Vaults:5 | Bought a scroll of amnesia for 76 gold pieces
 80185 | Vaults:5 | Bought a scroll of magic mapping for 142 gold pieces
 80186 | Vaults:5 | Acquired 969 gold pieces
 80275 | Vaults:5 | Identified the +10 halberd of Melicut {vorpal, Str+3}
 80275 | Vaults:5 | Identified the ring of Puohaklu {rCorr Int+2 Dex+4}
 80474 | Vaults:5 | Got a silver rune of Zot
 80584 | Vaults:5 | Noticed a dread lich
 80589 | Vaults:5 | Killed a dread lich
 80804 | Vaults:5 | Identified the +4 chain mail of the Postmodern Teeth {+Inv
                  | rElec rCorr}
 80920 | Vaults:5 | Got the Monograph on Twisted Permutations
 80927 | Vaults:5 | Noticed Boris
 80932 | Vaults:5 | Killed Boris
 80990 | Vaults:5 | Identified the ring "Xost" {rC+ rN+}
 81023 | Vaults:5 | Identified the +4 scale mail of Sunlight {*Slow rElec
                  | Regen+ Int+7}
 81028 | Vaults:5 | Noticed a dread lich
 81037 | Vaults:5 | Killed a dread lich
 81125 | Vaults:5 | Reached skill level 22 in Transmutations
 81131 | Vaults:5 | Reached skill level 22 in Air Magic
 81437 | Vaults:5 | Found Votitout's Jewellery Shoppe.
 81479 | Vaults:5 | Got the Papyrus of the Tesseract and the Impact
 81708 | Vaults:5 | Identified the +2 spear of Reusch {vorpal, rC+++ rN++ Will-
                  | Str+2}
 81711 | Vaults:5 | Identified the +2 flail of Nasirox {flame, rC- rCorr SInv}
 81717 | Vaults:5 | You pick up a book of Debilitation and begin reading...
 81717 | Vaults:5 | You add the spells Slow and Vampiric Draining to your
                  | library.
 81849 | Vaults:5 | Identified the ring of Qacruceh {rF+ rN+}
 81968 | Vaults:5 | You pick up a book of Transfigurations {@e2} and begin
                  | reading...
 81969 | Vaults:5 | Identified the +2 spear of Rubbish {vamp, Contam rElec
                  | Will+++ rCorr}
 81974 | Vaults:5 | You pick up a book of the Hunter and begin reading...
 81974 | Vaults:5 | You add the spells Call Canine Familiar, Portal Projectile
                  | and Leda's Liquefaction to your library.
 82298 | Depths:1 | Entered Level 1 of the Depths
 82306 | Depths:1 | Noticed Bai Suzhen
 82320 | D:15     | Killed Bai Suzhen
 82521 | Depths:1 | Noticed a dread lich
 82530 | Depths:1 | Killed a dread lich
 82540 | Depths:1 | Reached XP level 26. HP: 129/198 MP: 30/42
 82577 | Depths:1 | Got Kikubaaqudgha's Teachings on the Mausoleum
 82925 | Depths:1 | Found Ake Xiowk's Armour Emporium.
 83405 | Depths:1 | Found a gateway to Hell.
 83480 | Depths:1 | You pick up a book of Air and begin reading...
 83866 | Depths:1 | Reached skill level 23 in Transmutations
 83866 | Depths:1 | Reached skill level 23 in Air Magic
 84511 | Depths:2 | Noticed Nikola
 84529 | Depths:2 | Killed Nikola
 84535 | Depths:2 | Noticed Boris
 84925 | Depths:2 | Killed Boris
 85012 | Depths:2 | Found Digem's Magic Scroll Boutique.
 85015 | Depths:2 | Bought a scroll of fog for 44 gold pieces
 85015 | Depths:2 | Bought a scroll of blinking for 82 gold pieces
 85121 | Depths:2 | Found a one-way gate leading to the halls of Pandemonium.
 85437 | Depths:2 | Noticed a caustic shrike
 85444 | Depths:2 | Noticed a caustic shrike
 85448 | Depths:2 | Noticed a caustic shrike
 85450 | Depths:2 | Killed a caustic shrike
 85455 | Depths:2 | Killed a caustic shrike
 85462 | Depths:2 | Killed a caustic shrike
 85893 | Depths:2 | You pick up a book of the Dragon and begin reading...
 85926 | Depths:2 | You pick up a book of Weapons and begin reading...
 85980 | Depths:2 | U - a +3 quick blade {shortrare=g}
 86094 | Depths:2 | You pick up a book of Debilitation and begin reading...
 86467 | Depths:1 | You drop a +3 quick blade {shortrare=g}.
 86551 | Depths:3 | Found a one-way gateway to a ziggurat.
 87229 | Depths:3 | Identified +7 gold dragon scales
 87229 | Depths:3 | Noticed Parghit
 87237 | Depths:3 | Killed Parghit
 87239 | Depths:3 | 2 large rocks {=fthrowing}; +7 gold dragon scales {rare}
 87317 | Depths:3 | 2 large rocks {=fthrowing}; +7 gold dragon scales {rare}
 87378 | Depths:4 | Entered Level 4 of the Depths
 87407 | Depths:4 | Reached skill level 24 in Transmutations
 87407 | Depths:4 | Reached skill level 24 in Air Magic
 87420 | Depths:4 | Noticed a juggernaut
 87426 | Depths:4 | Killed a juggernaut
 87550 | Depths:4 | F - a +1 vorpal triple sword {longrare=g}
 87744 | Depths:4 | Reached XP level 27. HP: 174/204 MP: 37/42
 87936 | Depths:4 | Found a gate to the Realm of Zot.
 88668 | Depths:4 | Found an iron altar of Okawaru.
 89118 | Zot:1    | Entered Level 1 of the Realm of Zot
 89118 | Zot:1    | Noticed a curse toe
 89123 | Zot:1    | Noticed an electric golem
 89124 | Zot:1    | Killed a curse toe
 89136 | Zot:1    | Killed an electric golem
 89493 | Zot:1    | Noticed an electric golem
 89506 | Zot:1    | Killed an electric golem
 89735 | Zot:1    | Noticed a curse toe
 89742 | Zot:1    | Killed a curse toe
 90040 | Zot:1    | Noticed an electric golem
 90045 | Zot:1    | Killed an electric golem
 90049 | Zot:1    | Noticed an orb of fire
 90261 | Zot:1    | Gained mutation: You have hidden genetic defects. [an orb
                  | of fire]
 90271 | Zot:1    | Killed an orb of fire
 90275 | Zot:1    | Reached skill level 25 in Transmutations
 90275 | Zot:1    | Reached skill level 25 in Air Magic
 90660 | Zot:1    | Identified the +0 scale mail "Ommovasu" {Rampage Will-
                  | Int+4}
 90669 | Zot:1    | Identified the +0 chain mail of Rotation {rN+ Will+ MP+9}
 90892 | Zot:2    | Noticed a curse toe
 90905 | Zot:2    | Killed a curse toe
 91805 | Zot:2    | Lost mutation: You are robust. (+10% HP) [hidden defects]
 91953 | Zot:2    | You are sucked into a shaft and drop 1 floor!
 92105 | Zot:3    | Reached skill level 12 in Unarmed Combat
 92577 | Zot:3    | Reached skill level 16 in Dodging
 92929 | Zot:3    | HP: 39/189 [tentacled monstrosity (13)]
 93373 | Zot:3    | Reached skill level 16 in Fighting
 93375 | Zot:3    | Gained mutation: Your spells are a little easier to cast,
                  | but a little less powerful. [hidden defects]
 93375 | Zot:3    | Lost mutation: You have hidden genetic defects. [hidden
                  | defects expressed]
 95274 | Zot:4    | Reached skill level 13 in Unarmed Combat
 95430 | Zot:4    | Found a transporter.
 95603 | Zot:4    | HP: 42/190 [black draconian knight/+2 long sword of holy
                  | wrath (18)]
 95670 | Zot:4    | HP: 34/190 [white draconian stormcaller[a red draconian
                  | scorcher] (35)]
 96136 | Zot:4    | Found a transporter.
 96292 | Zot:4    | Noticed an orb of fire
 96293 | Zot:4    | Noticed a curse toe
 96373 | Zot:5    | Entered Level 5 of the Realm of Zot
 96906 | Zot:5    | Noticed a curse toe
 96929 | Zot:5    | Reached skill level 17 in Dodging
 96933 | Zot:5    | Killed a curse toe
 97732 | Zot:5    | Reached skill level 17 in Fighting
 98116 | Zot:5    | Noticed a dread lich
 98117 | Zot:5    | Noticed an electric golem
 98136 | Zot:5    | Killed an electric golem
 98287 | Zot:5    | Noticed an ancient lich
 98290 | Zot:5    | Noticed an ancient lich
 98293 | Zot:5    | Reached skill level 14 in Unarmed Combat
 98293 | Zot:5    | Noticed an orb of fire
 98332 | Zot:5    | Killed an ancient lich
 98504 | Zot:5    | Killed an ancient lich
 98535 | Zot:5    | Noticed an ancient lich
 98541 | Zot:5    | Killed an ancient lich
 98631 | Zot:5    | Noticed an orb of fire
 98633 | Zot:5    | Noticed an orb of fire
 98633 | Zot:5    | Noticed an orb of fire
 98637 | Zot:5    | Noticed an orb of fire
 98746 | Zot:5    | Noticed an electric golem
 98757 | Zot:5    | Killed an electric golem
 98855 | Zot:5    | Noticed an orb of fire
 98903 | Zot:5    | Noticed an orb of fire
 99058 | Zot:5    | Noticed an orb of fire
 99059 | Zot:5    | Killed a dread lich
 99577 | Zot:5    | Lost mutation: Your muscles are strong. (Str +4, Int/Dex
                  | -1) [an orb of fire]
 99578 | Zot:5    | Killed an orb of fire
 99644 | Zot:4    | Learned a level 1 spell: Apportation
100271 | Lair:6   | Voluntarily entered the Abyss.
100474 | Abyss:3  | Reached skill level 18 in Dodging
100703 | Abyss:3  | Found a corrupted altar of Lugonu.
100762 | Abyss:3  | Reached skill level 1 in Necromancy
100807 | Abyss:3  | Reached skill level 15 in Unarmed Combat
100823 | Abyss:3  | Reached skill level 18 in Fighting
100856 | Abyss:3  | Reached skill level 2 in Necromancy
100897 | Abyss:3  | Found a candlelit altar of Ignis.
101023 | Abyss:3  | Reached skill level 3 in Necromancy
101312 | Abyss:4  | Reached skill level 4 in Necromancy
101536 | Abyss:4  | Paralysed by accursed screaming for 1 turns
101540 | Abyss:4  | Paralysed by accursed screaming for 1 turns
101546 | Abyss:4  | Got an abyssal rune of Zot
101546 | Abyss:4  | HP: 36/197 [satyr/arrow (14)]
101619 | Abyss:4  | HP: 47/197 [lurking horror (23)]
101630 | Abyss:4  | Reached skill level 5 in Necromancy
101632 | Abyss:4  | HP: 45/197 [starcursed mass/accursed screaming (7)]
101638 | Abyss:4  | HP: 37/197 [starcursed mass/accursed screaming (6)]
101760 | Abyss:4  | Gained mutation: You expend magic power (3 MP) to
                  | strengthen your wands. [a cacodemon]
101771 | Lair:6   | You pass through the gate.
101771 | Lair:6   | Escaped the Abyss
102605 | Tomb:1   | Entered Level 1 of the Tomb of the Ancients
102616 | Tomb:1   | magus.rc [v1.9.6]
102735 | Tomb:1   | Reached skill level 6 in Necromancy
102741 | Tomb:1   | Reached skill level 16 in Unarmed Combat
102958 | Tomb:1   | Reached skill level 19 in Dodging
103318 | Tomb:1   | Noticed a royal mummy
103325 | Tomb:1   | Killed a royal mummy
103326 | Tomb:1   | Noticed a royal mummy
103345 | Tomb:1   | HP: 44/198 [??? (22)]
103350 | Tomb:1   | HP: 29/198 [death scarab[a royal mummy] (8)]
103373 | Tomb:1   | HP: 29/198 [??? (13)]
103374 | Tomb:1   | HP: 12/198 [royal mummy (18)]
103375 | Tomb:1   | Slain by a death scarab

Vanquished Creatures
  the Royal Jelly (Slime:5)
  Khufu (Crypt:2)
  2 orbs of fire
  3 dread liches
  2 ancient liches (Zot:5)
  A juggernaut (Depths:4)
  A royal mummy (Tomb:1)
  Josephina (Crypt:2)
  Boris (twice) (Vaults:5 Depths:2)
  Parghit (Depths:3)
  Bai Suzhen (D:15)
  A Killer Klown (Zot:1)
  Margery (Crypt:2)
  Saint Roka (Vaults:1)
  3 caustic shrikes (Depths:2)
  4 curse toes
  Xtahua (Crypt:2)
  9 golden dragons
  Jory (Crypt:3)
  A profane servitor (Crypt:3)
  Nikola (Depths:2)
  Arachne (Spider:3)
  A golden dragon (shapeshifter) (Vaults:5)
  3 bone dragons
  5 electric golems
  2 hellephants (Abyss:3)
  Rupert (Lair:4)
  A spectral shard shrike (Crypt:3)
  Jorgrun (Elf:2)
  10 tentacled monstrosities
  5 liches
  24 Orb Guardians (Zot:5)
  6 titans
  Frances (D:14)
  A walking divine tome (Depths:2)
  2 deep elf blademasters
  2 shard shrike skeletons (Crypt:1)
  23 acid blobs
  6 quicksilver dragons
  8 death cobs
  2 deep elf master archers (Elf:3)
  Polyphemus (Shoals:3)
  A kraken (Shoals:1)
  12 tentacled starspawn
  3 ancient champions
  Gastronok (D:8)
  7 shadow dragons
  10 sphinxes
  Agnes (Spider:1)
  6 tengu reavers
  11 storm dragons
  The ghost of Veiv the Stormcaller, an adept OpAE of Gozag (Elf:1)
  21 rockslimes
  14 azure jellies
  6 revenants
  5 emperor scorpions
  5 draconian knights
  A daeva (Depths:3)
  9 vault wardens
  7 fire giants
  6 deep elf sorcerers
  9 draconian monks
  6 frost giants
  8 draconian scorchers
  2 iron dragons
  An orc warlord (Vaults:1)
  4 spectral caustic shrikes (Depths:2)
  2 ghouls
  A juggernaut zombie (Tomb:1)
  Aizul (Crypt:1)
  2 cacodemons (Abyss:4)
  11 ghost moths
  7 draconian annihilators
  5 draconian shifters
  8 deep elf elementalists
  A curse skull (Crypt:2)
  11 ironbound preservers
  3 draconian stormcallers
  A balrug (Abyss:4)
  A spriggan defender (Depths:2)
  19 vampire knights
  5 war gargoyles
  13 quicksilver oozes
  10 stone giants
  A broodmother (Spider:4)
  12 ironbound thunderhulks
  An eleionoma (shapeshifter) (Vaults:5)
  28 starcursed masses
  7 deep elf demonologists
  A reaper (Abyss:4)
  19 very ugly things
  A lorocyproca (Abyss:3)
  16 green draconians
  Azrael (Spider:3)
  The ghost of Mysukhlell the Transmogrifier, a journeyman DrTm of Uskayaw (Lair:5)
  17 black draconians
  4 entropy weavers
  10 dire elephants
  8 deep elf annihilators (Elf:3)
  12 white draconians
  12 purple draconians
  6 spark wasps
  5 red draconians
  15 yellow draconians
  A spark wasp (shapeshifter) (Vaults:5)
  3 eidola (Crypt:1)
  A green death (Depths:2)
  Snorg (Lair:3)
  4 merfolk javelineers
  2 crystal guardians
  10 deep elf death magi
  A mummy priest (Tomb:1)
  17 jiangshi
  14 fire dragons
  8 merfolk impalers
  A spectral quicksilver dragon (Crypt:3)
  15 ettins
  9 yaktaur captains
  10 great orbs of eyes
  7 deep elf high priests
  2 rakshasas
  10 hydras
  9 ice dragons
  31 vault guards
  A spriggan air mage (Depths:2)
  4 peacekeepers
  11 boulder beetles
  5 radroaches
  3 ogre magi
  A jorogumo (Spider:1)
  3 satyrs
  An alligator snapping turtle (Shoals:4)
  8 merfolk avatars
  2 radroaches (shapeshifter)
  3 catoblepae
  15 death yaks
  3 merfolk aquamancers (Shoals:4)
  8 ironbound frosthearts
  14 two-headed ogres
  An alligator snapping turtle (shapeshifter) (Lair:6)
  15 centaur warriors
  9 tengu warriors
  An alligator (shapeshifter) (Vaults:5)
  6 deep troll earth magi
  7 death knights
  A bennu zombie (Crypt:2)
  5 deep troll shamans
  A hell hog (Abyss:4)
  13 death scarabs
  6 vampire magi
  18 thrashing horrors
  2 sun demons (Abyss:4)
  4 spriggan berserkers
  Urug (Lair:4)
  Sonja (Orc:2)
  2 soul eaters (Depths:1)
  A titan zombie (Crypt:2)
  A spriggan (Depths:1)
  10 deep elf knights
  8 wretched stars
  15 hell knights
  36 skeletal warriors
  5 iron trolls
  7 pharaoh ants
  7 shadow wraiths
  3 sixfirhies (Abyss:4)
  A death drake (shapeshifter) (Vaults:5)
  3 sun moths
  A bunyip zombie (Crypt:1)
  38 deep trolls
  14 sea snakes
  3 flayed ghosts
  2 spatial maelstroms (Abyss:4)
  7 steelbarb worms
  2 swamp dragons (Abyss:4)
  11 deep elf archers
  2 bog bodies (Crypt:2)
  2 glowing orange brains
  16 orb spiders
  A kraken simulacrum (Shoals:4)
  Lodul (D:12)
  A golden dragon skeleton (Crypt:1)
  5 wizards
  6 harpies
  8 phantasmal warriors
  An anaconda skeleton (Abyss:3)
  An orange crystal statue (D:14)
  6 shining eyes
  15 necromancers
  5 orc knights
  25 lindwurms
  14 ironbound convokers
  37 deep elf pyromancers
  44 ugly things
  23 deep elf zephyrmancers
  27 wolf spiders
  A sphinx zombie (Crypt:1)
  11 fauns
  2 orc sorcerers (Orc:2)
  An eleionoma zombie (Crypt:1)
  11 cyclopes
  3 will-o-the-wisps (Abyss:4)
  A stone giant zombie (Vaults:4)
  11 manticores
  35 moths of wrath
  3 worldbinders
  26 large abominations
  11 oklob plants (Zot:2)
  A stone giant skeleton (Vaults:4)
  4 water nymphs
  5 merfolk sirens
  7 apocalypse crabs
  A human zombie (Abyss:3)
  A rust devil (Depths:2)
  16 elephants
  A guardian serpent (shapeshifter) (Abyss:4)
  16 vault sentinels
  6 black mambas
  10 smoke demons
  5 eyes of devastation
  An alligator snapping turtle zombie (Crypt:2)
  A frost giant skeleton (Crypt:2)
  4 torpor snails
  A dire elephant skeleton (Crypt:2)
  An orange demon (Abyss:4)
  A bunyip simulacrum (Crypt:2)
  A yaktaur zombie (Vaults:5)
  10 komodo dragons
  15 cane toads
  2 efreet
  21 yaktaurs
  A rime drake (Lair:1)
  9 demonic crawlers
  9 freezing wraiths
  An anaconda simulacrum (Crypt:1)
  A redback zombie (Crypt:1)
  An ice devil (IceCv)
  3 tengu conjurers
  A hellwing (Depths:2)
  6 guardian mummies (Tomb:1)
  9 ancient zymes
  14 trolls
  22 merfolk
  3 harpy zombies
  3 wind drakes
  3 polar bears
  A wind drake (shapeshifter) (D:8)
  11 hornets
  A harpy skeleton (Tomb:1)
  6 meliai
  26 blink frogs
  23 raiju
  2 death drake skeletons
  A polar bear (shapeshifter) (D:14)
  41 tarantellas
  130 slime creatures
  Prince Ribbit (D:8)
  2 ettin zombies
  13 dream sheep
  An alligator zombie (Crypt:2)
  15 snapping turtles
  2 spriggan skeletons
  3 air elementals (Elf:1)
  60 flying skulls
  29 jumping spiders
  24 culicivoras
  3 spectral black mambas (Lair:5)
  6 ynoxinuls
  9 water elementals
  8 shadows
  An ettin skeleton (Crypt:1)
  5 ushabtiu (Tomb:1)
  A spriggan (shapeshifter) (Abyss:4)
  51 yaks
  A vampire (D:14)
  An alligator snapping turtle simulacrum (Crypt:3)
  6 wraiths
  10 wyverns
  3 neqoxecs (Abyss:4)
  Grum (D:8)
  9 basilisks
  A basilisk (shapeshifter) (D:13)
  63 redbacks
  A golden eye (shapeshifter) (Depths:4)
  4 fire elementals
  3 steam dragons
  4 death yak simulacra
  A hog (shapeshifter) (D:14)
  8 chaos spawn
  11 golden eyes
  9 wargs
  6 vampire mosquitoes
  4 spatial vortices (Abyss:4)
  A harpy simulacrum (Crypt:2)
  2 acid dragons
  17 water moccasins
  A floating eye (Slime:4)
  A spectral torpor snail (Lair:5)
  3 hell hounds (Spider:3)
  A swamp drake (shapeshifter) (Vaults:5)
  19 orc warriors
  An ettin simulacrum (Crypt:2)
  2 sky beasts
  2 black bears
  35 ogres
  4 ice beasts
  52 wolves
  A merfolk simulacrum (Crypt:2)
  8 boggarts
  A phantom (D:7)
  25 centaurs
  A swamp dragon skeleton (Crypt:1)
  4 kobold brigands
  Blork the orc (D:6)
  3 earth elementals
  22 bullfrogs
  A rime drake skeleton (Crypt:1)
  An elf skeleton (Crypt:1)
  A human skeleton (Vaults:4)
  9 necrophages
  2 gnoll sergeants
  26 small abominations
  5 scorpions
  2 two-headed ogre simulacra (IceCv)
  6 wights
  13 killer bees
  A swamp dragon simulacrum (Crypt:3)
  A dream sheep simulacrum (Lair:5)
  An elephant simulacrum (Lair:4)
  A queen bee zombie (Crypt:2)
  6 howler monkeys
  4 electric eels
  4 lava snakes (D:12)
  3 quasits
  3 hounds
  5 jellies
  17 orc priests
  2 gnoll boudas
  2 iron imps (Abyss:3)
  4 iguanas
  19 orc wizards
  6 mummies
  7 adders
  13 gnolls
  7 white imps
  2 ufetubi
  7 worms
  5 dart slugs
  60 orcs
  3 bats (D:1)
  14 endoplasms
  10 giant cockroaches
  13 goblins
  8 hobgoblins
  2 jackals (D:5)
  12 kobolds
  10 quokkas
  19 ball pythons
  11 frilled lizards
  An orc skeleton (Crypt:2)
  6 rats
  22 bushes (Zot:2)
  A fungus (Zot:2)
  A plant (Zot:2)
  8 starspawn tentacles
2875 creatures vanquished.

Vanquished Creatures (collateral kills)
  A dread lich (Vaults:5)
  A sphinx (Vaults:5)
  A frost giant (Vaults:5)
  2 ironbound preservers (Vaults:5)
  A war gargoyle (Vaults:5)
  A purple draconian (Zot:5)
  A vault guard (Vaults:5)
  2 deep trolls (Vaults:5)
  An orc knight (Vaults:5)
  A vault sentinel (Vaults:5)
  A yaktaur (Vaults:5)
  A dream sheep (shapeshifter) (Vaults:5)
  A human skeleton (Vaults:5)
15 creatures vanquished.

Vanquished Creatures (others)
  2 dread liches
  An ancient lich (Zot:5)
  3 Killer Klowns (Zot:5)
  A tentacled monstrosity (Zot:5)
  An Orb Guardian (Zot:5)
  A lich (Depths:2)
  2 titans (Vaults:5)
  A sphinx (shapeshifter) (Vaults:5)
  A death cob (Zot:5)
  A tengu reaver (Vaults:5)
  A frost giant (Vaults:5)
  4 vault wardens (Vaults:5)
  2 ironbound preservers (Vaults:5)
  A green draconian (Zot:5)
  A deep elf annihilator (Elf:3)
  A yellow draconian (Zot:5)
  A red draconian (Zot:5)
  An ettin (Vaults:5)
  A yaktaur captain (Vaults:5)
  2 vault guards (Vaults:5)
  An ogre mage (Vaults:5)
  A spriggan air mage (Depths:2)
  4 two-headed ogres (Vaults:5)
  29 dancing weapons
  A deep troll earth mage (Vaults:5)
  4 deep trolls (Vaults:5)
  A necromancer (Vaults:5)
  A deep elf pyromancer (Elf:1)
  A mana viper (shapeshifter) (Vaults:5)
  A moth of wrath (Zot:5)
  2 yaktaurs (Vaults:5)
  2 slime creatures (Vaults:3)
  A dream sheep (shapeshifter) (Vaults:5)
  A culicivora (Spider:3)
  A glowing shapeshifter zombie (Vaults:5)
  An ogre (Vaults:5)
  A necrophage (Crypt:2)
  A human skeleton (Vaults:5)
  An orc wizard (Vaults:5)
  4 foxfires (Abyss:4)
  70 fungi
  2 lurking horrors (Abyss:4)
  89 plants
  23 starspawn tentacles
  20 tentacles
292 creatures vanquished.

Grand Total: 3182 creatures vanquished

Table legend:
 A = Non-vault XP
 B = Vault XP
 C = Vault XP percentage of total XP
 D = Non-vault monster count
 E = Vault monster count
 F = Vault count percentage of total count
                 A         B        C        D         E       F
            +---------+---------+-------+---------+---------+-------
      Total |  937844 |  717854 |  43.4 |    1767 |    1083 |  38.0
            +---------+---------+-------+---------+---------+-------
        D:1 |      27 |       3 |  10.0 |      17 |       2 |  10.5
        D:2 |      73 |       0 |   0.0 |      12 |       0 |   0.0
        D:3 |      44 |       6 |  12.0 |      10 |       2 |  16.7
        D:4 |     327 |      14 |   4.1 |      18 |       2 |  10.0
        D:5 |     986 |       0 |   0.0 |      21 |       0 |   0.0
        D:6 |     778 |     349 |  31.0 |      12 |      14 |  53.8
        D:7 |    1830 |       0 |   0.0 |      27 |       0 |   0.0
        D:8 |    1540 |    7270 |  82.5 |      23 |      39 |  62.9
        D:9 |    1548 |       0 |   0.0 |      20 |       0 |   0.0
       D:10 |    1879 |     630 |  25.1 |      11 |       9 |  45.0
       D:11 |    6707 |     550 |   7.6 |      24 |      16 |  40.0
       D:12 |    3139 |    7380 |  70.2 |      13 |      23 |  63.9
       D:13 |    5123 |       0 |   0.0 |      19 |       0 |   0.0
       D:14 |    7032 |   15944 |  69.4 |      17 |      26 |  60.5
       D:15 |   17692 |    6185 |  25.9 |      38 |       5 |  11.6
     Lair:1 |   10306 |       0 |   0.0 |      42 |       0 |   0.0
     Lair:2 |    4236 |       0 |   0.0 |      13 |       0 |   0.0
     Lair:3 |    4305 |    1640 |  27.6 |      12 |      11 |  47.8
     Lair:4 |   10700 |    7460 |  41.1 |      41 |      36 |  46.8
     Lair:5 |   14993 |    2223 |  12.9 |      43 |      12 |  21.8
     Lair:6 |   14151 |   12119 |  46.1 |      36 |      39 |  52.0
   Shoals:1 |    8425 |       0 |   0.0 |      14 |       0 |   0.0
   Shoals:2 |    7803 |    1357 |  14.8 |      14 |       3 |  17.6
   Shoals:3 |   14047 |    4802 |  25.5 |      26 |       5 |  16.1
   Shoals:4 |   13694 |   22189 |  61.8 |      32 |      38 |  54.3
   Spider:1 |   22055 |    3983 |  15.3 |      59 |       5 |   7.8
   Spider:2 |   14409 |       0 |   0.0 |      47 |       0 |   0.0
   Spider:3 |   15410 |   14645 |  48.7 |      29 |      38 |  56.7
   Spider:4 |   23950 |   22250 |  48.2 |      51 |      44 |  46.3
    Slime:1 |   22229 |       0 |   0.0 |      44 |       0 |   0.0
    Slime:2 |   10984 |       0 |   0.0 |      22 |       0 |   0.0
    Slime:3 |    5305 |       0 |   0.0 |      15 |       0 |   0.0
    Slime:4 |   10015 |       0 |   0.0 |      19 |       0 |   0.0
    Slime:5 |   16893 |   22242 |  56.8 |      42 |      16 |  27.6
      Orc:1 |    4492 |       0 |   0.0 |      34 |       0 |   0.0
      Orc:2 |    3949 |   15740 |  79.9 |      19 |      38 |  66.7
      Elf:1 |   12327 |   23545 |  65.6 |      21 |      37 |  63.8
      Elf:2 |   17294 |   24492 |  58.6 |      28 |      31 |  52.5
      Elf:3 |    8264 |   42898 |  83.8 |      14 |      40 |  74.1
   Vaults:1 |   16792 |   17730 |  51.4 |      19 |      41 |  68.3
   Vaults:2 |   28371 |   14490 |  33.8 |      39 |      17 |  30.4
   Vaults:3 |   19494 |   19992 |  50.6 |      30 |      30 |  50.0
   Vaults:4 |   30573 |   15409 |  33.5 |      45 |      19 |  29.7
   Vaults:5 |   22867 |   82071 |  78.2 |      38 |      72 |  65.5
    Crypt:1 |   30540 |    1191 |   3.8 |      43 |       1 |   2.3
    Crypt:2 |   29447 |   19576 |  39.9 |      43 |      18 |  29.5
    Crypt:3 |       0 |   70384 | 100.0 |       0 |     126 | 100.0
     Tomb:1 |   12791 |   18140 |  58.6 |      23 |      15 |  39.5
   Depths:1 |   47726 |   34148 |  41.7 |      58 |      37 |  38.9
   Depths:2 |   34251 |   31993 |  48.3 |      30 |      28 |  48.3
   Depths:3 |   15541 |    4426 |  22.2 |      16 |       2 |  11.1
   Depths:4 |   24856 |   16614 |  40.1 |      24 |      14 |  36.8
      Zot:1 |   36323 |   26648 |  42.3 |      28 |      22 |  44.0
      Zot:2 |   33349 |    2843 |   7.9 |      34 |       2 |   5.6
      Zot:3 |   53140 |       0 |   0.0 |      46 |       0 |   0.0
      Zot:4 |   32461 |     535 |   1.6 |      28 |       1 |   3.4
      Zot:5 |   39130 |   61109 |  61.0 |      40 |      30 |  42.9
    Abyss:3 |   40346 |    8126 |  16.8 |      86 |      10 |  10.4
    Abyss:4 |   50885 |   11522 |  18.5 |      98 |      15 |  13.3
      Sewer |       0 |     261 | 100.0 |       0 |      43 | 100.0
      IceCv |       0 |     730 | 100.0 |       0 |       9 | 100.0
            +---------+---------+-------+---------+---------+-------

Illustrated notes

Table legend:
 A = Kills in this place as a percentage of kills in entire the game.
 B = Kills by you in this place as a percentage of kills by you in the entire game.
 C = Kills by friends in this place as a percentage of kills by friends in the entire game.
 D = Other kills in this place as a percentage of other kills in the entire game.
 E = Experience gained in this place as a percentage of experience gained in the entire game.
 F = Experience gained in this place divided by the number of levels of this place that you have seen.
                   A       B       C       D       E      F
               +-------+-------+-------+-------+-------+----------------------
         Total | 100.0 | 100.0 | 100.0 | 100.0 | 100.0 | 25870.3
       Dungeon |  14.7 |  15.0 |   0.0 |   0.0 |   5.3 | 5803.7
          Lair |  10.0 |  10.2 |   0.0 |   0.0 |   5.0 | 13688.8
        Shoals |   4.6 |   4.7 |   0.0 |   0.0 |   4.4 | 18079.2
   Spider Nest |   9.6 |   9.8 |   0.0 |   0.0 |   7.0 | 29175.5
    Slime Pits |   5.5 |   5.6 |   0.0 |   0.0 |   5.3 | 17533.6
  Orcish Mines |   3.2 |   3.3 |   0.0 |   0.0 |   1.5 | 12090.5
   Elven Halls |   6.0 |   5.0 |   0.0 |  78.9 |   7.8 | 42940.0
        Vaults |  12.3 |  11.8 |  93.3 |  13.2 |  16.2 | 53557.8
         Crypt |   8.1 |   8.2 |   0.0 |   2.6 |   9.1 | 50379.3
          Tomb |   1.3 |   1.4 |   0.0 |   0.0 |   1.9 | 30931.0
        Depths |   7.3 |   7.4 |   0.0 |   2.6 |  12.7 | 52388.8
           Zot |   8.1 |   8.2 |   6.7 |   2.6 |  17.2 | 57107.6
         Abyss |   7.3 |   7.5 |   0.0 |   0.0 |   6.7 | 27719.8
         Sewer |   1.5 |   1.5 |   0.0 |   0.0 |   0.0 | 261.0
      Ice Cave |   0.3 |   0.3 |   0.0 |   0.0 |   0.0 | 730.0
               +-------+-------+-------+-------+-------+----------------------

Table legend: (Time is in decaauts)
 A = Elapsed time spent in this place.
 B = Non-inter-level travel time spent in this place.
 C = Inter-level travel time spent in this place.
 D = Time resting spent in this place.
 E = Time spent auto-exploring this place.
 F = Levels seen in this place.
 G = Mean time per level.
                   A        B        C        D        E       F      G
               +--------+--------+--------+--------+--------+-----+--------+
         Total | 102833 |  96383 |   6450 |  33836 |  37535 |  64 | 1606.8 |
       Dungeon |  25584 |  23762 |   1822 |   7556 |  12535 |  15 | 1705.6 |
        Temple |    139 |     96 |     43 |      0 |     89 |   1 |  139.0 |
          Lair |  10249 |   8992 |   1257 |   2350 |   3813 |   6 | 1708.2 |
        Shoals |   7081 |   6881 |    200 |   3308 |   1456 |   4 | 1770.2 |
   Spider Nest |   8300 |   8031 |    269 |   3425 |   2653 |   4 | 2075.0 |
    Slime Pits |   5866 |   5626 |    240 |   2656 |   1459 |   5 | 1173.2 |
  Orcish Mines |   1566 |   1295 |    271 |    161 |    902 |   2 |  783.0 |
   Elven Halls |   8773 |   8591 |    182 |   3589 |   2886 |   3 | 2924.3 |
        Vaults |  10600 |   9784 |    816 |   2446 |   5227 |   5 | 2120.0 |
         Crypt |   4410 |   3999 |    411 |    950 |   1413 |   3 | 1470.0 |
          Tomb |    767 |    767 |      0 |    197 |      0 |   1 |  767.0 |
        Depths |   6730 |   6348 |    382 |   1379 |   3464 |   4 | 1682.5 |
           Zot |  10577 |  10026 |    551 |   5254 |   1398 |   5 | 2115.4 |
         Abyss |   1389 |   1389 |      0 |    237 |     26 |   4 |  347.2 |
         Sewer |    672 |    672 |      0 |    287 |    214 |   1 |  672.0 |
      Ice Cave |    123 |    123 |      0 |     41 |      0 |   1 |  123.0 |
               +--------+--------+--------+--------+--------+-----+--------+

Top non-repeatable levels by time:
  Lair:6: 3247 daAuts
   Zot:5: 3237 daAuts
   Elf:3: 3120 daAuts
    D:11: 3109 daAuts
     D:8: 3085 daAuts
   Elf:1: 2915 daAuts
   Zot:3: 2873 daAuts
Spider:4: 2856 daAuts
   Elf:2: 2737 daAuts
Shoals:4: 2604 daAuts
Vaults:4: 2488 daAuts
     D:6: 2385 daAuts
Vaults:5: 2383 daAuts
Spider:1: 2328 daAuts
Depths:1: 2283 daAuts
